Workbook
Name aod_1: 'Cash Report'!$A$6:$I$56
Name aod_2: 'Cash Report'!$A$6:$I$56
Name Months: 'Cash Flow'!$AG$4:$AG$15

Sheet Cash Flow
N1: Great Oaks Charter School
A2: Great Oaks Charter School
A3: 2020 - 2021 Final Budget | N3: =A3 -> 2020 - 2021 Final Budget
A4: =VLOOKUP($L$7,$AG$4:$AJ$20,3) -> 10 Months Actual and 2 Months Projected | N4: =A4 -> 10 Months Actual and 2 Months Projected | AG4: 44013 | AH4: 1 | AI4: 1 Month Actual and 11 Months Projected | AJ4: As of July 31, 2020
AG5: 44044 | AH5: 2 | AI5: 2 Months Actual and 10 Months Projected | AJ5: As of August 31, 2020
L6: Current Month | AG6: 44075 | AH6: 3 | AI6: 3 Months Actual and 9 Months Projected | AJ6: As of September 30, 2020
F7: ESTIMATED | L7: 44287 | AG7: 44105 | AH7: 4 | AI7: 4 Months Actual and 8 Months Projected | AJ7: As of October 31, 2020
A8: Description | B8: Appropriation/Account Code | D8: Preliminary Budget FY20 | E8: Final Budget FY20 | F8: Received or Spent | G8: % Spent to Date | H8: Committed or to be Received | I8: Summer Encumbrance | J8: Available Balance | K8: Total | L8: Variance Original vs Estimated | N8: {=TRANSPOSE(AG4:AG21)} -> 44013 | O8: 44044 | P8: 44075 | Q8: 44105 | R8: 44136 | S8: 44166 | T8: 44197 | U8: 44228 | V8: 44256 | W8: 44287 | X8: 44317 | Y8: 44348 | Z8: TOTAL 2021 | AG8: 44136 | AH8: 5 | AI8: 5 Months Actual and 7 Months Projected | AJ8: As of November 30, 2020
AG9: 44166 | AH9: 6 | AI9: 6 Months Actual and 6 Months Projected | AJ9: As of December 31, 2020
A10: Enrollment | D10: 318 | E10: 318 | AG10: 44197 | AH10: 7 | AI10: 7 Months Actual and 5 Months Projected | AJ10: As of January 31, 2021
A11: REVENUES | AG11: 44228 | AH11: 8 | AI11: 8 Months Actual and 4 Months Projected | AJ11: As of February 28, 2021
AG12: 44256 | AH12: 9 | AI12: 9 Months Actual and 3 Months Projected | AJ12: As of March 31, 2021
A13: State Appropriation - Operations | B13: 05213 | D13: 3102269 | E13: 3075977 | F13: =SUM(OFFSET(N13,0,0,1,VLOOKUP($L$7,$AG$4:$AH$15,2,FALSE))) -> 3075977 | G13: =IFERROR(F13/E13,0%) -> 1 | H13: =IFERROR(IF($L$7="june",0,SUM(OFFSET(Y13,0,0,1,(VLOOKUP($L$7,$AG$4:$AH$15,2,FALSE)-12)))),0) -> 0 | K13: =F13+H13 -> 3075977 | L13: =K13-E13 -> 0 | N13: =366206+2617894 -> 2984100 | T13: =316311-366206+2714902-2617894 -> 47113 | U13: =2759666-2714902 -> 44764 | Z13: =SUM(N13:Y13) -> 3075977 | AA13: =Z13-E13 -> 0 | AG13: 44287 | AH13: 10 | AI13: 10 Months Actual and 2 Months Projected | AJ13: As of April 30, 2021
A14: Education Sustainment Fund | B14: 05289 | D14: 78147 | E14: 74457 | F14: =SUM(OFFSET(N14,0,0,1,VLOOKUP($L$7,$AG$4:$AH$15,2,FALSE))) -> 74457 | G14: =IFERROR(F14/E14,0%) -> 1 | H14: =IFERROR(IF($L$7="june",0,SUM(OFFSET(Y14,0,0,1,(VLOOKUP($L$7,$AG$4:$AH$15,2,FALSE)-12)))),0) -> 0 | K14: =F14+H14 -> 74457 | L14: =K14-E14 -> 0 | N14: 79923 | U14: =74457-79923 -> -5466 | Z14: =SUM(N14:Y14) -> 74457 | AA14: =Z14-E14 -> 0 | AG14: 44317 | AH14: 11 | AI14: 11 Months Actual and 1 Months Projected | AJ14: As of May 31, 2021
A15: Tech Block Grant | B15: 05235 | D15: 10460 | E15: 9965 | F15: =SUM(OFFSET(N15,0,0,1,VLOOKUP($L$7,$AG$4:$AH$15,2,FALSE))) -> 9965 | G15: =IFERROR(F15/E15,0%) -> 1 | H15: =IFERROR(IF($L$7="june",0,SUM(OFFSET(Y15,0,0,1,(VLOOKUP($L$7,$AG$4:$AH$15,2,FALSE)-12)))),0) -> 0 | K15: =F15+H15 -> 9965 | L15: =K15-E15 -> 0 | N15: 10697 | S15: =9965-10697 -> -732 | Z15: =SUM(N15:Y15) -> 9965 | AA15: =Z15-E15 -> 0 | AG15: 44348 | AH15: 12 | AI15: 12 Months Actual | AJ15: As of June 30, 2021
A16: School Safety & Security Grant | E16: 0 | F16: =SUM(OFFSET(N16,0,0,1,VLOOKUP($L$7,$AG$4:$AH$15,2,FALSE))) -> 0 | G16: =IFERROR(F16/E16,0%) -> 0 | H16: =IFERROR(IF($L$7="june",0,SUM(OFFSET(Y16,0,0,1,(VLOOKUP($L$7,$AG$4:$AH$15,2,FALSE)-12)))),0) -> 0 | K16: =F16+H16 -> 0 | L16: =K16-E16 -> 0 | Z16: =SUM(N16:Y16) -> 0 | AA16: =Z16-E16 -> 0
A17: Educator Participation & Other State | B17: 05302 | D17: 59016 | E17: 574195 | F17: =SUM(OFFSET(N17,0,0,1,VLOOKUP($L$7,$AG$4:$AH$15,2,FALSE))) -> 585281.92 | G17: =IFERROR(F17/E17,0%) -> 1.0193086 | H17: =IFERROR(IF($L$7="june",0,SUM(OFFSET(Y17,0,0,1,(VLOOKUP($L$7,$AG$4:$AH$15,2,FALSE)-12)))),0) -> 0 | K17: =F17+H17 -> 585281.92 | L17: =K17-E17 -> 11086.92 | N17: =142 -> 142 | P17: 1160 | Q17: 57714.46 | T17: 515179.04 | U17: 140.42 | V17: 8526 | W17: 2420 | Z17: =SUM(N17:Y17) -> 585281.92 | AA17: =Z17-E17 -> 11086.92
A18: Educational Opportunity | B18: 05297 | D18: =50650*2 -> 101300 | E18: 101300 | F18: =SUM(OFFSET(N18,0,0,1,VLOOKUP($L$7,$AG$4:$AH$15,2,FALSE))) -> 101300 | G18: =IFERROR(F18/E18,0%) -> 1 | H18: =IFERROR(IF($L$7="june",0,SUM(OFFSET(Y18,0,0,1,(VLOOKUP($L$7,$AG$4:$AH$15,2,FALSE)-12)))),0) -> 0 | K18: =F18+H18 -> 101300 | L18: =K18-E18 -> 0 | N18: =25325+71025-45700 -> 50650 | P18: =50650-25325+96350-71025 -> 50650 | Z18: =SUM(N18:Y18) -> 101300 | AA18: =Z18-E18 -> 0
A19: Math Coaches Initiative | D19: 92715 | E19: 54919 | F19: =SUM(OFFSET(N19,0,0,1,VLOOKUP($L$7,$AG$4:$AH$15,2,FALSE))) -> 0 | G19: =IFERROR(F19/E19,0%) -> 0 | H19: =IFERROR(IF($L$7="june",0,SUM(OFFSET(Y19,0,0,1,(VLOOKUP($L$7,$AG$4:$AH$15,2,FALSE)-12)))),0) -> 25487 | K19: =F19+H19 -> 25487 | L19: =K19-E19 -> -29432 | X19: 25487 | Z19: =SUM(N19:Y19) -> 25487 | AA19: =Z19-E19 -> -29432
A20: School District Local Funds Transfer & Interest | B20: 98000 | D20: 2055866 | E20: 2111091 | F20: =SUM(OFFSET(N20,0,0,1,VLOOKUP($L$7,$AG$4:$AH$15,2,FALSE))) -> 2145237.8 | G20: =IFERROR(F20/E20,0%) -> 1.016175 | H20: =IFERROR(IF($L$7="june",0,SUM(OFFSET(Y20,0,0,1,(VLOOKUP($L$7,$AG$4:$AH$15,2,FALSE)-12)))),0) -> 700 | K20: =F20+H20 -> 2145937.8 | L20: =K20-E20 -> 34846.83 | N20: =145512.81-143854.24 -> 1658.57 | O20: =170265.78-145512.81 -> 24752.97 | P20: =449939.95-170265.78 -> 279674.17 | Q20: =859202.4-449939.95 -> 409262.45 | R20: =860390.79-859202.4+45628.65 -> 46817.04 | S20: =2209317.04-860390.79 -> 1348926.2 | T20: =2227312.28-2209317.04 -> 17995.24 | U20: =2231161.1-2227312.28 -> 3848.82 | V20: =2232756.47-2231161.1+55763.17-45628.65 -> 11729.89 | W20: 572.43 | X20: 400 | Y20: 300 | Z20: =SUM(N20:Y20) -> 2145937.8 | AA20: =Z20-E20 -> 34846.83
A21: CSP | D21: 113295 | E21: 113295 | F21: =SUM(OFFSET(N21,0,0,1,VLOOKUP($L$7,$AG$4:$AH$15,2,FALSE))) -> 0 | G21: =IFERROR(F21/E21,0%) -> 0 | H21: =IFERROR(IF($L$7="june",0,SUM(OFFSET(Y21,0,0,1,(VLOOKUP($L$7,$AG$4:$AH$15,2,FALSE)-12)))),0) -> 0 | K21: =F21+H21 -> 0 | L21: =K21-E21 -> -113295 | Z21: =SUM(N21:Y21) -> 0 | AA21: =Z21-E21 -> -113295 | AG21: Budget Projections | AH21: 0 | AI21: 12 Months Projected | AJ21: Projected only
A22: Federal Funds | D22: 921402 | E22: 927098 | F22: =SUM(OFFSET(N22,0,0,1,VLOOKUP($L$7,$AG$4:$AH$15,2,FALSE))) -> 1012032.8 | G22: =IFERROR(F22/E22,0%) -> 1.0916136 | H22: =IFERROR(IF($L$7="june",0,SUM(OFFSET(Y22,0,0,1,(VLOOKUP($L$7,$AG$4:$AH$15,2,FALSE)-12)))),0) -> 798281 | K22: =F22+H22 -> 1810313.8 | L22: =K22-E22 -> 883215.83 | N22: =3185125.12-2999325.12 -> 185800 | O22: =3407039.12-3185125.12 -> 221914 | P22: =3584977.12-3407039.12 -> 177938 | Q22: =3909920.95-3584977.12 -> 324943.83 | S22: =3926422.95-3909920.95 -> 16502 | U22: 35000 | W22: =4011357.95-3961422.95 -> 49935 | Y22: 798281 | Z22: =SUM(N22:Y22) -> 1810313.8 | AA22: =Z22-E22 -> 883215.83
A23: MCI | B23: 50022 | D23: 68817 | E23: 68817 | F23: =SUM(OFFSET(N23,0,0,1,VLOOKUP($L$7,$AG$4:$AH$15,2,FALSE))) -> 68817 | G23: =IFERROR(F23/E23,0%) -> 1 | H23: =IFERROR(IF($L$7="june",0,SUM(OFFSET(Y23,0,0,1,(VLOOKUP($L$7,$AG$4:$AH$15,2,FALSE)-12)))),0) -> 0 | K23: =F23+H23 -> 68817 | L23: =K23-E23 -> 0 | N23: 68817 | Z23: =SUM(N23:Y23) -> 68817 | AA23: =Z23-E23 -> 0
A24: Contributions | B24: 98159 | D24: =200000+60000-110000 -> 150000 | E24: 136550 | F24: =SUM(OFFSET(N24,0,0,1,VLOOKUP($L$7,$AG$4:$AH$15,2,FALSE))) -> 131550 | G24: =IFERROR(F24/E24,0%) -> 0.96338338 | H24: =IFERROR(IF($L$7="june",0,SUM(OFFSET(Y24,0,0,1,(VLOOKUP($L$7,$AG$4:$AH$15,2,FALSE)-12)))),0) -> 0 | K24: =F24+H24 -> 131550 | L24: =K24-E24 -> -5000 | P24: =399838.31-388338.31 -> 11500 | R24: =423888.31-399838.31 -> 24050 | T24: =405838.31-399838.31+90000 -> 96000 | Z24: =SUM(N24:Y24) -> 131550 | AA24: =Z24-E24 -> -5000
A25: Other & School Activities/Americorps | B25: 99150 | D25: 10931 | E25: 10931 | F25: =SUM(OFFSET(N25,0,0,1,VLOOKUP($L$7,$AG$4:$AH$15,2,FALSE))) -> 0 | G25: =IFERROR(F25/E25,0%) -> 0 | H25: =IFERROR(IF($L$7="june",0,SUM(OFFSET(Y25,0,0,1,(VLOOKUP($L$7,$AG$4:$AH$15,2,FALSE)-12)))),0) -> 10931 | K25: =F25+H25 -> 10931 | L25: =K25-E25 -> 0 | X25: 6055 | Y25: =10931-6055 -> 4876 | Z25: =SUM(N25:Y25) -> 10931 | AA25: =Z25-E25 -> 0
A26: Prior Year Carryover | D26: 1098906.9 | E26: 1098907 | F26: =SUM(OFFSET(N26,0,0,1,VLOOKUP($L$7,$AG$4:$AH$15,2,FALSE))) -> 1098906.9 | G26: =IFERROR(F26/E26,0%) -> 0.99999992 | H26: =IFERROR(IF($L$7="june",0,SUM(OFFSET(Y26,0,0,1,(VLOOKUP($L$7,$AG$4:$AH$15,2,FALSE)-12)))),0) -> 0 | K26: =F26+H26 -> 1098906.9 | L26: =K26-E26 -> -0.09 | N26: 1098906.9 | Z26: =SUM(N26:Y26) -> 1098906.9 | AA26: =Z26-E26 -> -0.09
K27: =F27+H27 -> 0 | AA27: =Z27-E27 -> 0
A28: TOTAL REVENUES | D28: =SUM(D13:D27) -> 7863124.9 | E28: =SUM(E13:E27) -> 8357502 | F28: =SUM(F13:F27) -> 8303525.5 | G28: =IFERROR(F28/E28,0%) -> 0.99354155 | H28: =SUM(H13:H27) -> 835399 | J28: =SUM(J13:J27) -> 0 | K28: =SUM(K13:K27) -> 9138924.5 | L28: =SUM(L13:L27) -> 781422.49 | N28: =SUM(N13:N27) -> 4480694.5 | O28: =SUM(O13:O27) -> 246666.97 | P28: =SUM(P13:P27) -> 520922.17 | Q28: =SUM(Q13:Q27) -> 791920.74 | R28: =SUM(R13:R27) -> 70867.04 | S28: =SUM(S13:S27) -> 1364696.2 | T28: =SUM(T13:T27) -> 676287.28 | U28: =SUM(U13:U27) -> 78287.24 | ... Z28: =SUM(Z13:Z27) -> 9138924.5 | AA28: =Z28-E28 -> 781422.49
AA29: =Z29-E29 -> 0
A30: EXPENDITURES | AA30: =Z30-E30 -> 0
A31: Administration | B31: 51165/51151/51157 | D31: =618000-48000-20000 -> 550000 | E31: 738227 | F31: =SUM(OFFSET(N31,0,0,1,VLOOKUP($L$7,$AG$4:$AH$15,2,FALSE))) -> 651835.23 | G31: =IFERROR(F31/E31,0%) -> 0.88297398 | H31: =IFERROR(IF($L$7="june",0,SUM(OFFSET(Y31,0,0,1,(VLOOKUP($L$7,$AG$4:$AH$15,2,FALSE)-12)))),0) -> 120000 | K31: =H31+F31 -> 771835.23 | L31: =E31-K31 -> -33608.23 | N31: =2255.77+11000+25949.81+19634.62+23757.11+7692.3 -> 90289.61 | O31: =6627.7+8461.54+14615.4+21694.08+12647.3+7692.3 -> 71738.32 | P31: =8461.54+14615.4+18663.08+12647.3+7692.3+6627.7 -> 68707.32 | Q31: =4308+8461.54+14615.4+11107.16+12647.3+7692.3 -> 58831.7 | R31: =8461.54+14615.4+10384.62+12647.3+7692.3 -> 53801.16 | S31: =2156.9+12692.31+21923.1+15576.93+18970.95+11538.45 -> 82858.64 | T31: =8461.54+14615.4+10384.62+12647.3+7692.3 -> 53801.16 | U31: =8461.54+14615.4+10384.62+12647.3+7692.3 -> 53801.16 | V31: =8461.54+14615.4+10384.62+12647.3+4076.92+7692.3 -> 57878.08 | W31: =2250+8461.54+14615.4+10384.62+12647.3+4076.92+7692.3 -> 60128.08 | X31: 60000 | Y31: 60000 | Z31: =SUM(N31:Y31) -> 771835.23 | AA31: =Z31-E31 -> 33608.23
A32: Teachers (regular)/Para/Subs | B32: 51100/51004/51005/51017 | D32: =1850000-19715-21123-29572-22040-32000-44643-30000+30000 -> 1680907 | E32: 1640000 | F32: =SUM(OFFSET(N32,0,0,1,VLOOKUP($L$7,$AG$4:$AH$15,2,FALSE))) -> 1303054.5 | G32: =IFERROR(F32/E32,0%) -> 0.79454543 | H32: =IFERROR(IF($L$7="june",0,SUM(OFFSET(Y32,0,0,1,(VLOOKUP($L$7,$AG$4:$AH$15,2,FALSE)-12)))),0) -> 250000 | K32: =H32+F32 -> 1553054.5 | L32: =E32-K32 -> 86945.5 | N32: =1923.08+152593.3+6634.62+13941.89 -> 175092.89 | O32: =77056.34+4445.19+4224.22 -> 85725.75 | P32: =108560.71+4467.3+15192.32 -> 128220.33 | Q32: =6346.16+107853.08+4467.3+12307.7 -> 130974.24 | R32: =6134.62+110969.24+4467.3+12307.7 -> 133878.86 | S32: =6653.28+151352.06+6700.95+18461.55+4076.92 -> 187244.76 | T32: =-4511.28+96829.46+4467.3+12307.7+4076.92 -> 113170.1 | U32: =-12480.78+94572.06+4467.3+12307.7+4076.92 -> 102943.2 | V32: =103325.28+4467.3+12307.7 -> 120100.28 | W32: =4285+104644.09+4467.3+12307.7 -> 125704.09 | X32: 125000 | Y32: 125000 | Z32: =SUM(N32:Y32) -> 1553054.5 | AA32: =Z32-E32 -> -86945.5
A33: Nurse | B33: 51130 | D33: 38000 | E33: 38000 | F33: =SUM(OFFSET(N33,0,0,1,VLOOKUP($L$7,$AG$4:$AH$15,2,FALSE))) -> 28481.15 | G33: =IFERROR(F33/E33,0%) -> 0.74950395 | H33: =IFERROR(IF($L$7="june",0,SUM(OFFSET(Y33,0,0,1,(VLOOKUP($L$7,$AG$4:$AH$15,2,FALSE)-12)))),0) -> 9076.92 | K33: =H33+F33 -> 37558.07 | L33: =E33-K33 -> 441.93 | R33: 3519.62 | S33: 6807.69 | T33: 4538.46 | U33: 4538.46 | V33: 4538.46 | W33: 4538.46 | X33: 4538.46 | Y33: 4538.46 | Z33: =SUM(N33:Y33) -> 37558.07 | AA33: =Z33-E33 -> -441.93
A34: Clerical | B34: 51194 | D34: 180000 | E34: 185000 | F34: =SUM(OFFSET(N34,0,0,1,VLOOKUP($L$7,$AG$4:$AH$15,2,FALSE))) -> 160465.16 | G34: =IFERROR(F34/E34,0%) -> 0.86737924 | H34: =IFERROR(IF($L$7="june",0,SUM(OFFSET(Y34,0,0,1,(VLOOKUP($L$7,$AG$4:$AH$15,2,FALSE)-12)))),0) -> 24250 | K34: =H34+F34 -> 184715.16 | L34: =E34-K34 -> 284.84 | N34: =9941.55+5884.61+2000+24541.81 -> 42367.97 | O34: =3076.92+11360.1 -> 14437.02 | P34: =3076.92+8959.62 -> 12036.54 | Q34: =3076.92+9015.87 -> 12092.79 | R34: =3076.92+9047.12 -> 12124.04 | S34: =4615.38+13370.68 -> 17986.06 | T34: =3076.92+8515.87 -> 11592.79 | U34: =3076.92+8905.43 -> 11982.35 | V34: =3076.92+9996.91 -> 13073.83 | W34: =3076.92+9694.85 -> 12771.77 | X34: 12125 | Y34: 12125 | Z34: =SUM(N34:Y34) -> 184715.16 | AA34: =Z34-E34 -> -284.84
A35: Para | B35: 51104 | D35: 20000 | E35: 30000 | F35: =SUM(OFFSET(N35,0,0,1,VLOOKUP($L$7,$AG$4:$AH$15,2,FALSE))) -> 26481.3 | G35: =IFERROR(F35/E35,0%) -> 0.88271 | H35: =IFERROR(IF($L$7="june",0,SUM(OFFSET(Y35,0,0,1,(VLOOKUP($L$7,$AG$4:$AH$15,2,FALSE)-12)))),0) -> 7472 | K35: =H35+F35 -> 33953.3 | L35: =E35-K35 -> -3953.3 | T35: 15274.2 | U35: 3735.7 | V35: 3735.7 | W35: 3735.7 | X35: 3736 | Y35: 3736 | Z35: =SUM(N35:Y35) -> 33953.3 | AA35: =Z35-E35 -> 3953.3
A36: EPER/Stipends | B36: 51176 | D36: 187000 | E36: 187000 | F36: =SUM(OFFSET(N36,0,0,1,VLOOKUP($L$7,$AG$4:$AH$15,2,FALSE))) -> 141867.45 | G36: =IFERROR(F36/E36,0%) -> 0.75864947 | H36: =IFERROR(IF($L$7="june",0,SUM(OFFSET(Y36,0,0,1,(VLOOKUP($L$7,$AG$4:$AH$15,2,FALSE)-12)))),0) -> 45100 | K36: =H36+F36 -> 186967.45 | L36: =E36-K36 -> 32.55 | N36: =5400+51633.29 -> 57033.29 | O36: 9216.66 | P36: =3550 -> 3550 | Q36: =200 -> 200 | R36: =14625 -> 14625 | S36: =1000+8000 -> 9000 | T36: 18000 | U36: =5167+400 -> 5567 | V36: 2500 | W36: 22175.5 | X36: 22500 | Y36: 22600 | Z36: =SUM(N36:Y36) -> 186967.45 | AA36: =Z36-E36 -> -32.55
F37: =SUM(OFFSET(N37,0,0,1,VLOOKUP($L$7,$AG$4:$AH$15,2,FALSE))) -> 0 | G37: =IFERROR(F37/E37,0%) -> 0 | H37: =IFERROR(IF($L$7="june",0,SUM(OFFSET(Y37,0,0,1,(VLOOKUP($L$7,$AG$4:$AH$15,2,FALSE)-12)))),0) -> 0 | K37: =H37+F37 -> 0 | L37: =E37-K37 -> 0 | Z37: =SUM(N37:Y37) -> 0 | AA37: =Z37-E37 -> 0
AA38: =Z38-E38 -> 0
A39: Total Salaries | D39: =SUM(D31:D38) -> 2655907 | E39: =SUM(E31:E38) -> 2818227 | F39: =SUM(F31:F38) -> 2312184.8 | G39: =IFERROR(F39/E39,0%) -> 0.82043951 | H39: =SUM(H31:H38) -> 455898.92 | I39: =SUM(I31:I37) -> 0 | J39: =SUM(J31:J38) -> 0 | K39: =SUM(K31:K38) -> 2768083.7 | L39: =SUM(L31:L38) -> 50143.29 | N39: =SUM(N31:N38) -> 364783.76 | O39: =SUM(O31:O38) -> 181117.75 | P39: =SUM(P31:P38) -> 212514.19 | Q39: =SUM(Q31:Q38) -> 202098.73 | R39: =SUM(R31:R38) -> 217948.68 | S39: =SUM(S31:S38) -> 303897.15 | T39: =SUM(T31:T38) -> 216376.71 | U39: =SUM(U31:U38) -> 182567.87 | ... Y39: =SUM(Y31:Y38) -> 227999.46 | Z39: =SUM(Z31:Z37) -> 2768083.7 | AA39: =Z39-E39 -> -50143.29
AA40: =Z40-E40 -> 0
A41: Pensions/Employer Share (22.95%) | B41: 52001 | D41: =D39*0.2295 -> 609530.66 | E41: 639438 | F41: =SUM(OFFSET(N41,0,0,1,VLOOKUP($L$7,$AG$4:$AH$15,2,FALSE))) -> 524449.74 | G41: =IFERROR(F41/E41,0%) -> 0.82017293 | H41: =IFERROR(IF($L$7="june",0,SUM(OFFSET(Y41,0,0,1,(VLOOKUP($L$7,$AG$4:$AH$15,2,FALSE)-12)))),0) -> 104628.8 | K41: =H41+F41 -> 629078.54 | L41: =E41-K41 -> 10359.458 | N41: 83335.03 | O41: 41334.19 | P41: 48525.32 | Q41: 45777.82 | R41: 49586.07 | S41: 68145.34 | T41: 49071.13 | U41: 41300.53 | V41: 45726.07 | W41: 51648.24 | X41: =X39*0.2295 -> 52302.926 | Y41: =Y39*0.2295 -> 52325.876 | Z41: =SUM(N41:Y41) -> 629078.54 | AA41: =Z41-E41 -> -10359.458
A42: Health Insurance/Employer Share | B42: 52002 | D42: 422380 | E42: 435000 | F42: =SUM(OFFSET(N42,0,0,1,VLOOKUP($L$7,$AG$4:$AH$15,2,FALSE))) -> 364670.41 | G42: =IFERROR(F42/E42,0%) -> 0.83832278 | H42: =IFERROR(IF($L$7="june",0,SUM(OFFSET(Y42,0,0,1,(VLOOKUP($L$7,$AG$4:$AH$15,2,FALSE)-12)))),0) -> 74600 | K42: =H42+F42 -> 439270.41 | L42: =E42-K42 -> -4270.41 | N42: 33271.45 | O42: =32010.07+4.8+90.85+3.43 -> 32109.15 | P42: =33813.55+32.32 -> 33845.87 | Q42: 33444.18 | R42: 35557.27 | S42: 37237.33 | T42: =37700.94+7126.69 -> 44827.63 | U42: 36720.82 | V42: 38007.84 | W42: =37281.84+2367.03 -> 39648.87 | X42: 37300 | Y42: 37300 | Z42: =SUM(N42:Y42) -> 439270.41 | AA42: =Z42-E42 -> 4270.41
A43: Workmen's Compensation (1.55%) | B43: 52005 | D43: =D39*0.0155 -> 41166.558 | E43: 43423 | F43: =SUM(OFFSET(N43,0,0,1,VLOOKUP($L$7,$AG$4:$AH$15,2,FALSE))) -> 35839.68 | G43: =IFERROR(F43/E43,0%) -> 0.82536167 | H43: =IFERROR(IF($L$7="june",0,SUM(OFFSET(Y43,0,0,1,(VLOOKUP($L$7,$AG$4:$AH$15,2,FALSE)-12)))),0) -> 7066.4333 | K43: =H43+F43 -> 42906.113 | L43: =E43-K43 -> 516.88674 | N43: 5654.28 | O43: 2807.41 | P43: 3294.03 | Q43: 3132.6 | R43: 3378.27 | S43: 4710.51 | T43: 3353.92 | U43: 2829.89 | V43: 3128.38 | W43: 3550.39 | X43: =X39*0.0155 -> 3532.4416 | Y43: =Y39*0.0155 -> 3533.9916 | Z43: =SUM(N43:Y43) -> 42906.113 | AA43: =Z43-E43 -> -516.88674
A44: Social Security/Employer Share (6.2%) | B44: 52006 | D44: =D39*0.062 -> 164666.23 | E44: 171308 | F44: =SUM(OFFSET(N44,0,0,1,VLOOKUP($L$7,$AG$4:$AH$15,2,FALSE))) -> 139783.92 | G44: =IFERROR(F44/E44,0%) -> 0.81598011 | H44: =IFERROR(IF($L$7="june",0,SUM(OFFSET(Y44,0,0,1,(VLOOKUP($L$7,$AG$4:$AH$15,2,FALSE)-12)))),0) -> 28265.733 | K44: =H44+F44 -> 168049.65 | L44: =E44-K44 -> 3258.347 | N44: 22242.19 | O44: 10883.92 | P44: 12702.11 | Q44: 12061.72 | R44: 13162.22 | S44: 18471.37 | T44: 13033.29 | U44: 11109.9 | V44: 12300.12 | W44: 13817.08 | X44: =X39*0.062 -> 14129.767 | Y44: =Y39*0.062 -> 14135.967 | Z44: =SUM(N44:Y44) -> 168049.65 | AA44: =Z44-E44 -> -3258.347
A45: Unemployment Insurance (.11%) | B45: 52009 | D45: =D39*0.0011 -> 2921.4977 | E45: 3100 | F45: =SUM(OFFSET(N45,0,0,1,VLOOKUP($L$7,$AG$4:$AH$15,2,FALSE))) -> 2549.35 | G45: =IFERROR(F45/E45,0%) -> 0.82237097 | H45: =IFERROR(IF($L$7="june",0,SUM(OFFSET(Y45,0,0,1,(VLOOKUP($L$7,$AG$4:$AH$15,2,FALSE)-12)))),0) -> 501.48881 | K45: =H45+F45 -> 3050.8388 | L45: =E45-K45 -> 49.161188 | N45: 401.31 | O45: 199.18 | P45: 233.76 | Q45: 222.26 | R45: 239.78 | S45: 334.29 | T45: 238 | U45: 203.94 | V45: 225.06 | W45: 251.77 | X45: =X39*0.0011 -> 250.68941 | Y45: =Y39*0.0011 -> 250.79941 | Z45: =SUM(N45:Y45) -> 3050.8388 | AA45: =Z45-E45 -> -49.161188
A46: Medicare/Employer Share (1.45%) | B46: 52016 | D46: =D39*0.0145 -> 38510.651 | E46: 41000 | F46: =SUM(OFFSET(N46,0,0,1,VLOOKUP($L$7,$AG$4:$AH$15,2,FALSE))) -> 32691.44 | G46: =IFERROR(F46/E46,0%) -> 0.7973522 | H46: =IFERROR(IF($L$7="june",0,SUM(OFFSET(Y46,0,0,1,(VLOOKUP($L$7,$AG$4:$AH$15,2,FALSE)-12)))),0) -> 6610.5343 | K46: =H46+F46 -> 39301.974 | L46: =E46-K46 -> 1698.0257 | N46: 5201.81 | O46: 2545.44 | P46: 2970.59 | Q46: 2820.93 | R46: 3078.25 | S46: 4319.93 | T46: 3048.1 | U46: 2598.29 | V46: 2876.68 | W46: 3231.42 | X46: =X39*0.0145 -> 3304.5422 | Y46: =Y39*0.0145 -> 3305.9922 | Z46: =SUM(N46:Y46) -> 39301.974 | AA46: =Z46-E46 -> -1698.0257
A47: Total Other Employment Costs (20) | D47: =SUM(D41:D46) -> 1279175.6 | E47: =SUM(E41:E46) -> 1333269 | F47: =SUM(F41:F46) -> 1099984.5 | G47: =IFERROR(F47/E47,0%) -> 0.82502821 | H47: =SUM(H41:H46) -> 221672.99 | I47: =SUM(I41:I46) -> 0 | J47: =SUM(J41:J46) -> 0 | K47: =SUM(K41:K46) -> 1321657.5 | L47: =SUM(L41:L46) -> 11611.468 | N47: =SUM(N41:N46) -> 150106.07 | O47: =SUM(O41:O46) -> 89879.29 | P47: =SUM(P41:P46) -> 101571.68 | Q47: =SUM(Q41:Q46) -> 97459.51 | R47: =SUM(R41:R46) -> 105001.86 | S47: =SUM(S41:S46) -> 133218.77 | T47: =SUM(T41:T46) -> 113572.07 | U47: =SUM(U41:U46) -> 94763.37 | ... Z47: =SUM(Z41:Z46) -> 1321657.5 | AA47: =Z47-E47 -> -11611.468
AA48: =Z48-E48 -> 0
A49: Total Travel (40) | B49: 54000 | C49: S | D49: 5000 | E49: 4200 | F49: =SUM(OFFSET(N49,0,0,1,VLOOKUP($L$7,$AG$4:$AH$15,2,FALSE))) -> 1018.4 | G49: =IFERROR(F49/E49,0%) -> 0.24247619 | H49: =IFERROR(IF($L$7="june",0,SUM(OFFSET(Y49,0,0,1,(VLOOKUP($L$7,$AG$4:$AH$15,2,FALSE)-12)))),0) -> 0 | J49: 0 | K49: =H49+F49 -> 1018.4 | L49: =+E49-K49 -> 3181.6 | O49: =202.4+16 -> 218.4 | P49: 400 | Q49: 400 | Z49: =SUM(N49:Y49) -> 1018.4 | AA49: =Z49-E49 -> -3181.6
AA50: =Z50-E50 -> 0
A51: Other Professional Service/Curriculum | B51: 55035 | C51: P | D51: 195000 | E51: 195000 | F51: =SUM(OFFSET(N51,0,0,1,VLOOKUP($L$7,$AG$4:$AH$15,2,FALSE))) -> 169861.42 | G51: =IFERROR(F51/E51,0%) -> 0.87108421 | H51: =IFERROR(IF($L$7="june",0,SUM(OFFSET(Y51,0,0,1,(VLOOKUP($L$7,$AG$4:$AH$15,2,FALSE)-12)))),0) -> 25000 | K51: =H51+F51 -> 194861.42 | L51: =E51-K51 -> 138.58 | N51: =-700+1640+1180 -> 2120 | O51: =10000 -> 10000 | P51: =3040+13891.07+81524.64 -> 98455.71 | Q51: 3660 | R51: =700+22520 -> 23220 | S51: =61483.83+5778.34+12041.99-8953.58-476-59.5-7960-5400-9560-5024.75-19500-5000-3750 -> 13620.33 | T51: =2000+985.38 -> 2985.38 | U51: =1860 -> 1860 | V51: =1000+1940 -> 2940 | W51: 11000 | X51: 13000 | Y51: 12000 | Z51: =SUM(N51:Y51) -> 194861.42 | AA51: =Z51-E51 -> -138.58
A52: Management Fees | B52: 55051 | C52: P | D52: 0 | E52: 0 | F52: =SUM(OFFSET(N52,0,0,1,VLOOKUP($L$7,$AG$4:$AH$15,2,FALSE))) -> 0 | G52: =IFERROR(F52/E52,0%) -> 0 | H52: =IFERROR(IF($L$7="june",0,SUM(OFFSET(Y52,0,0,1,(VLOOKUP($L$7,$AG$4:$AH$15,2,FALSE)-12)))),0) -> 0 | K52: =H52+F52 -> 0 | L52: =E52-K52 -> 0 | Z52: =SUM(N52:Y52) -> 0 | AA52: =Z52-E52 -> 0
A53: Med Related Services (Psychologists, Therapists) | B53: 55030, 55031 | C53: P | D53: =190000-20000 -> 170000 | E53: 150000 | F53: =SUM(OFFSET(N53,0,0,1,VLOOKUP($L$7,$AG$4:$AH$15,2,FALSE))) -> 80325.08 | G53: =IFERROR(F53/E53,0%) -> 0.53550053 | H53: =IFERROR(IF($L$7="june",0,SUM(OFFSET(Y53,0,0,1,(VLOOKUP($L$7,$AG$4:$AH$15,2,FALSE)-12)))),0) -> 30000 | K53: =H53+F53 -> 110325.08 | L53: =E53-K53 -> 39674.92 | N53: 5236 | O53: 2075 | P53: 30000 | Q53: =2580+200 -> 2780 | R53: 505 | S53: 395 | T53: =25+21428.58-1480-8553.58 -> 11420 | U53: =180+9953.58 -> 10133.58 | V53: 295 | W53: =25999.08+190-8703.58 -> 17485.5 | X53: 15000 | Y53: 15000 | Z53: =SUM(N53:Y53) -> 110325.08 | AA53: =Z53-E53 -> -39674.92
A54: Educational Assistance/Back to Basics | B54: 55033 | C54: P | D54: =180000-20000 -> 160000 | E54: 178000 | F54: =SUM(OFFSET(N54,0,0,1,VLOOKUP($L$7,$AG$4:$AH$15,2,FALSE))) -> 155218.61 | G54: =IFERROR(F54/E54,0%) -> 0.87201466 | H54: =IFERROR(IF($L$7="june",0,SUM(OFFSET(Y54,0,0,1,(VLOOKUP($L$7,$AG$4:$AH$15,2,FALSE)-12)))),0) -> 22483.714 | K54: =H54+F54 -> 177702.32 | L54: =E54-K54 -> 297.67571 | N54: =21517.44-1599-1599-1640-1180 -> 15499.44 | O54: =21146.38+30760.7-8715 -> 43192.08 | P54: =3000+15691.5 -> 18691.5 | Q54: =2500 -> 2500 | R54: =10875.57-8953.58 -> 1921.99 | S54: =476+59.5+7960+5400+9560+5024.75 -> 28480.25 | U54: =6476.84+5349 -> 11825.84 | V54: 14060 | W54: =10100+406.51-1599+10140 -> 19047.51 | X54: =78195/7 -> 11170.714 | Y54: 11313 | Z54: =SUM(N54:Y54) -> 177702.32 | AA54: =Z54-E54 -> -297.67571
A55: Legal Services | B55: 55020 | C55: P | D55: 50000 | E55: 50000 | F55: =SUM(OFFSET(N55,0,0,1,VLOOKUP($L$7,$AG$4:$AH$15,2,FALSE))) -> 16071.5 | G55: =IFERROR(F55/E55,0%) -> 0.32143 | H55: =IFERROR(IF($L$7="june",0,SUM(OFFSET(Y55,0,0,1,(VLOOKUP($L$7,$AG$4:$AH$15,2,FALSE)-12)))),0) -> 10000 | K55: =H55+F55 -> 26071.5 | L55: =E55-K55 -> 23928.5 | O55: 1195.5 | P55: 10906.5 | R55: 1164.58 | T55: 2075 | U55: =97.5 -> 97.5 | V55: 213 | W55: 419.42 | X55: 5000 | Y55: 5000 | Z55: =SUM(N55:Y55) -> 26071.5 | AA55: =Z55-E55 -> -23928.5
A56: Substitute Teachers & One on One Para | B56: 55061 | C56: P | D56: 20000 | E56: 20000 | F56: =SUM(OFFSET(N56,0,0,1,VLOOKUP($L$7,$AG$4:$AH$15,2,FALSE))) -> 5180 | G56: =IFERROR(F56/E56,0%) -> 0.259 | H56: =IFERROR(IF($L$7="june",0,SUM(OFFSET(Y56,0,0,1,(VLOOKUP($L$7,$AG$4:$AH$15,2,FALSE)-12)))),0) -> 7408 | K56: =H56+F56 -> 12588 | L56: =E56-K56 -> 7412 | T56: =740+740 -> 1480 | V56: 3700 | X56: =18520/5 -> 3704 | Y56: =18520/5 -> 3704 | Z56: =SUM(N56:Y56) -> 12588 | AA56: =Z56-E56 -> -7412
A57: Admin Fees - Tutors | B57: 55395 | C57: P | D57: =122010 -> 122010 | E57: 122010 | F57: =SUM(OFFSET(N57,0,0,1,VLOOKUP($L$7,$AG$4:$AH$15,2,FALSE))) -> 81783.4 | G57: =IFERROR(F57/E57,0%) -> 0.6703008 | H57: =IFERROR(IF($L$7="june",0,SUM(OFFSET(Y57,0,0,1,(VLOOKUP($L$7,$AG$4:$AH$15,2,FALSE)-12)))),0) -> 26109 | K57: =H57+F57 -> 107892.4 | L57: =E57-K57 -> 14117.6 | O57: =8715+9441.25 -> 18156.25 | P57: 8953.58 | Q57: 10555.67 | R57: 8953.58 | S57: 8953.58 | T57: 8553.58 | V57: 8953.58 | W57: 8703.58 | X57: =8703*2 -> 17406 | Y57: 8703 | Z57: =SUM(N57:Y57) -> 107892.4 | AA57: =Z57-E57 -> -14117.6
A58: Postage | B58: 55101 | C58: S | E58: 0 | F58: =SUM(OFFSET(N58,0,0,1,VLOOKUP($L$7,$AG$4:$AH$15,2,FALSE))) -> 3585.35 | G58: =IFERROR(F58/E58,0%) -> 0 | H58: =IFERROR(IF($L$7="june",0,SUM(OFFSET(Y58,0,0,1,(VLOOKUP($L$7,$AG$4:$AH$15,2,FALSE)-12)))),0) -> 200 | K58: =H58+F58 -> 3785.35 | L58: =E58-K58 -> -3785.35 | T58: 28.59 | U58: 3542.4 | V58: 12.91 | W58: 1.45 | X58: 100 | Y58: 100 | Z58: =SUM(N58:Y58) -> 3785.35 | AA58: =Z58-E58 -> 3785.35
A59: Telephone Services/Communication | B59: 55125 | C59: F | D59: 13560 | E59: 15615 | F59: =SUM(OFFSET(N59,0,0,1,VLOOKUP($L$7,$AG$4:$AH$15,2,FALSE))) -> 17176.06 | G59: =IFERROR(F59/E59,0%) -> 1.0999718 | H59: =IFERROR(IF($L$7="june",0,SUM(OFFSET(Y59,0,0,1,(VLOOKUP($L$7,$AG$4:$AH$15,2,FALSE)-12)))),0) -> 2400 | K59: =H59+F59 -> 19576.06 | L59: =E59-K59 -> -3961.06 | N59: 1978.34 | O59: 922.27 | P59: 850.85 | Q59: 120 | R59: 2043.28 | S59: =3147.96 -> 3147.96 | T59: 3681.67 | U59: 1043.12 | V59: 1035.5 | W59: 2353.07 | X59: 1200 | Y59: 1200 | Z59: =SUM(N59:Y59) -> 19576.06 | AA59: =Z59-E59 -> 3961.06
A60: Printing & Binding | B60: 55600 | C60: T | E60: 0 | F60: =SUM(OFFSET(N60,0,0,1,VLOOKUP($L$7,$AG$4:$AH$15,2,FALSE))) -> 0 | G60: =IFERROR(F60/E60,0%) -> 0 | H60: =IFERROR(IF($L$7="june",0,SUM(OFFSET(Y60,0,0,1,(VLOOKUP($L$7,$AG$4:$AH$15,2,FALSE)-12)))),0) -> 0 | K60: =H60+F60 -> 0 | L60: =E60-K60 -> 0 | Z60: =SUM(N60:Y60) -> 0 | AA60: =Z60-E60 -> 0
A61: Computer Services | B61: 55073 | C61: P | D61: 35000 | E61: 52700 | F61: =SUM(OFFSET(N61,0,0,1,VLOOKUP($L$7,$AG$4:$AH$15,2,FALSE))) -> 27517 | G61: =IFERROR(F61/E61,0%) -> 0.52214421 | H61: =IFERROR(IF($L$7="june",0,SUM(OFFSET(Y61,0,0,1,(VLOOKUP($L$7,$AG$4:$AH$15,2,FALSE)-12)))),0) -> 10000 | K61: =H61+F61 -> 37517 | L61: =E61-K61 -> 15183 | N61: =1350+312+1599+1599 -> 4860 | O61: 5670 | P61: =1775+1497 -> 3272 | Q61: =2100+1595 -> 3695 | R61: 1599 | T61: =2025+1599+1599 -> 5223 | V61: 1599 | W61: 1599 | X61: 5000 | Y61: 5000 | Z61: =SUM(N61:Y61) -> 37517 | AA61: =Z61-E61 -> -15183
A62: Food Service | B62: 55641 | C62: S | E62: 0 | F62: =SUM(OFFSET(N62,0,0,1,VLOOKUP($L$7,$AG$4:$AH$15,2,FALSE))) -> 0 | G62: =IFERROR(F62/E62,0%) -> 0 | H62: =IFERROR(IF($L$7="june",0,SUM(OFFSET(Y62,0,0,1,(VLOOKUP($L$7,$AG$4:$AH$15,2,FALSE)-12)))),0) -> 0 | K62: =H62+F62 -> 0 | L62: =E62-K62 -> 0 | Z62: =SUM(N62:Y62) -> 0 | AA62: =Z62-E62 -> 0
A63: Tutor Expenses | B63: 55718 | C63: T | D63: =79815+1152 -> 80967 | E63: 81208 | F63: =SUM(OFFSET(N63,0,0,1,VLOOKUP($L$7,$AG$4:$AH$15,2,FALSE))) -> 72755.56 | G63: =IFERROR(F63/E63,0%) -> 0.89591617 | H63: =IFERROR(IF($L$7="june",0,SUM(OFFSET(Y63,0,0,1,(VLOOKUP($L$7,$AG$4:$AH$15,2,FALSE)-12)))),0) -> 14000 | K63: =H63+F63 -> 86755.56 | L63: =E63-K63 -> -5547.56 | N63: =437.94+6259 -> 6696.94 | O63: =208.95+2053.85+6259 -> 8521.8 | P63: =327.45+534.78+15212.58-8953.58 -> 7121.23 | Q63: =255.5+6259 -> 6514.5 | R63: =2432.36 -> 2432.36 | S63: =575.94+502.93+6259 -> 7337.87 | T63: =104.17+386.87+6259+6259 -> 13009.04 | U63: =870.38+175.29 -> 1045.67 | V63: =209.67+485.85+12518 -> 13213.52 | W63: =181.62+387.01+6294 -> 6862.63 | X63: 7000 | Y63: 7000 | Z63: =SUM(N63:Y63) -> 86755.56 | AA63: =Z63-E63 -> 5547.56
A64: Repairs & Maintenance | B64: 55506/55500 | C64: F | D64: 12500 | E64: 12500 | F64: =SUM(OFFSET(N64,0,0,1,VLOOKUP($L$7,$AG$4:$AH$15,2,FALSE))) -> 72.95 | G64: =IFERROR(F64/E64,0%) -> 0.005836 | H64: =IFERROR(IF($L$7="june",0,SUM(OFFSET(Y64,0,0,1,(VLOOKUP($L$7,$AG$4:$AH$15,2,FALSE)-12)))),0) -> 12427 | K64: =H64+F64 -> 12499.95 | L64: =E64-K64 -> 0.05 | T64: 14.99 | U64: 57.96 | Y64: 12427 | Z64: =SUM(N64:Y64) -> 12499.95 | AA64: =Z64-E64 -> -0.05
A65: Insurance (Bldg & Contents)/Umbrella Liability | B65: 55452 | C65: F | D65: 57995 | E65: 58218 | F65: =SUM(OFFSET(N65,0,0,1,VLOOKUP($L$7,$AG$4:$AH$15,2,FALSE))) -> 40015.6 | G65: =IFERROR(F65/E65,0%) -> 0.68734069 | H65: =IFERROR(IF($L$7="june",0,SUM(OFFSET(Y65,0,0,1,(VLOOKUP($L$7,$AG$4:$AH$15,2,FALSE)-12)))),0) -> 10628.778 | K65: =H65+F65 -> 50644.378 | L65: =E65-K65 -> 7573.6222 | P65: 10162 | R65: 4505.9 | S65: =11660.9 -> 11660.9 | T65: 10420.9 | U65: 3265.9 | X65: =47833/9 -> 5314.7778 | Y65: 5314 | Z65: =SUM(N65:Y65) -> 50644.378 | AA65: =Z65-E65 -> -7573.6222
A66: Rent | B66: 55402 | C66: F | D66: =96689.67*12-290000 -> 870276.04 | E66: 870276 | F66: =SUM(OFFSET(N66,0,0,1,VLOOKUP($L$7,$AG$4:$AH$15,2,FALSE))) -> 821862.11 | G66: =IFERROR(F66/E66,0%) -> 0.9443695 | H66: =IFERROR(IF($L$7="june",0,SUM(OFFSET(Y66,0,0,1,(VLOOKUP($L$7,$AG$4:$AH$15,2,FALSE)-12)))),0) -> 80236.84 | K66: =H66+F66 -> 902098.95 | L66: =E66-K66 -> -31822.95 | N66: 96689.67 | O66: 193379.34 | P66: =96689.67 -> 96689.67 | R66: 96689.67 | S66: =102948.67-6259.1 -> 96689.57 | T66: 96689.67 | U66: =48344.84 -> 48344.84 | V66: 96689.68 | X66: =96689.68/2 -> 48344.84 | Y66: =902099-870207 -> 31892 | Z66: =SUM(N66:Y66) -> 902098.95 | AA66: =Z66-E66 -> 31822.95
A67: Equipment Rental | B67: 55400 | C67: S | D67: 66205 | E67: 66205 | F67: =SUM(OFFSET(N67,0,0,1,VLOOKUP($L$7,$AG$4:$AH$15,2,FALSE))) -> 45845.92 | G67: =IFERROR(F67/E67,0%) -> 0.69248425 | H67: =IFERROR(IF($L$7="june",0,SUM(OFFSET(Y67,0,0,1,(VLOOKUP($L$7,$AG$4:$AH$15,2,FALSE)-12)))),0) -> 20359 | K67: =H67+F67 -> 66204.92 | L67: =E67-K67 -> 0.08 | N67: 5681.71 | O67: 5002.71 | P67: 5395 | Q67: 5882.74 | R67: 6124.61 | S67: 5396 | T67: 5396 | V67: 1571.15 | W67: 5396 | X67: =5396*2 -> 10792 | Y67: 9567 | Z67: =SUM(N67:Y67) -> 66204.92 | AA67: =Z67-E67 -> -0.08
A68: Buses - pupil transportation in state | B68: 55434 | C68: S | D68: =400000+2000*7 -> 414000 | E68: 414000 | F68: =SUM(OFFSET(N68,0,0,1,VLOOKUP($L$7,$AG$4:$AH$15,2,FALSE))) -> 248594.65 | G68: =IFERROR(F68/E68,0%) -> 0.60047017 | H68: =IFERROR(IF($L$7="june",0,SUM(OFFSET(Y68,0,0,1,(VLOOKUP($L$7,$AG$4:$AH$15,2,FALSE)-12)))),0) -> 165404.57 | K68: =H68+F68 -> 413999.22 | L68: =E68-K68 -> 0.77857143 | N68: 44727.29 | P68: 2114.36 | Q68: 40288.33 | R68: =1529 -> 1529 | S68: 35210.7 | T68: =26890.51 -> 26890.51 | V68: =1042.5 -> 1042.5 | W68: =95792.1+999.86 -> 96791.96 | X68: =325341/7*2 -> 92954.571 | Y68: 72450 | Z68: =SUM(N68:Y68) -> 413999.22 | AA68: =Z68-E68 -> -0.77857143
A69: Tuition Reimbursement | B69: 55371 | C69: S | E69: 1160 | F69: =SUM(OFFSET(N69,0,0,1,VLOOKUP($L$7,$AG$4:$AH$15,2,FALSE))) -> 1160 | G69: =IFERROR(F69/E69,0%) -> 1 | H69: =IFERROR(IF($L$7="june",0,SUM(OFFSET(Y69,0,0,1,(VLOOKUP($L$7,$AG$4:$AH$15,2,FALSE)-12)))),0) -> 0 | K69: =H69+F69 -> 1160 | L69: =E69-K69 -> 0 | P69: 1160 | Z69: =SUM(N69:Y69) -> 1160 | AA69: =Z69-E69 -> 0
A70: Special Placements | B70: 55338 | C70: S | D70: =7500*5 -> 37500 | E70: 37500 | F70: =SUM(OFFSET(N70,0,0,1,VLOOKUP($L$7,$AG$4:$AH$15,2,FALSE))) -> 38850 | G70: =IFERROR(F70/E70,0%) -> 1.036 | H70: =IFERROR(IF($L$7="june",0,SUM(OFFSET(Y70,0,0,1,(VLOOKUP($L$7,$AG$4:$AH$15,2,FALSE)-12)))),0) -> 0 | K70: =H70+F70 -> 38850 | L70: =E70-K70 -> -1350 | P70: 7500 | Q70: 7500 | U70: 1350 | V70: 22500 | Z70: =SUM(N70:Y70) -> 38850 | AA70: =Z70-E70 -> 1350
A71: Advertising/Student Recruitment | B71: 55610 | C71: S | D71: 19000 | E71: 40000 | F71: =SUM(OFFSET(N71,0,0,1,VLOOKUP($L$7,$AG$4:$AH$15,2,FALSE))) -> 33809.38 | G71: =IFERROR(F71/E71,0%) -> 0.8452345 | H71: =IFERROR(IF($L$7="june",0,SUM(OFFSET(Y71,0,0,1,(VLOOKUP($L$7,$AG$4:$AH$15,2,FALSE)-12)))),0) -> 6190 | K71: =H71+F71 -> 39999.38 | L71: =E71-K71 -> 0.62 | N71: 1350 | O71: 7482.35 | P71: 1350 | Q71: 1350 | R71: 2850 | S71: 1350 | T71: 9600 | V71: 175.83 | W71: 8301.2 | X71: 3000 | Y71: 3190 | Z71: =SUM(N71:Y71) -> 39999.38 | AA71: =Z71-E71 -> -0.62
A72: Assoc Due&Conference/Springboard & Camp Fees | B72: 55631 | C72: S | D72: 22800 | E72: 23315 | F72: =SUM(OFFSET(N72,0,0,1,VLOOKUP($L$7,$AG$4:$AH$15,2,FALSE))) -> 24480.85 | G72: =IFERROR(F72/E72,0%) -> 1.0500043 | H72: =IFERROR(IF($L$7="june",0,SUM(OFFSET(Y72,0,0,1,(VLOOKUP($L$7,$AG$4:$AH$15,2,FALSE)-12)))),0) -> 0 | K72: =H72+F72 -> 24480.85 | L72: =E72-K72 -> -1165.85 | N72: 1145 | O72: 385 | P72: =2161+11941.52 -> 14102.52 | Q72: 170 | R72: 1148.3 | S72: 515.04 | T72: 3835 | U72: 2794.99 | W72: =385 -> 385 | Z72: =SUM(N72:Y72) -> 24480.85 | AA72: =Z72-E72 -> 1165.85
A73: Drivers Ed Vehicle | B73: 55641/55314 | C73: S | D73: 6000 | E73: 4000 | F73: =SUM(OFFSET(N73,0,0,1,VLOOKUP($L$7,$AG$4:$AH$15,2,FALSE))) -> 3088.71 | G73: =IFERROR(F73/E73,0%) -> 0.7721775 | H73: =IFERROR(IF($L$7="june",0,SUM(OFFSET(Y73,0,0,1,(VLOOKUP($L$7,$AG$4:$AH$15,2,FALSE)-12)))),0) -> 1333.3333 | K73: =H73+F73 -> 4422.0433 | L73: =E73-K73 -> -422.04333 | T73: =1679.11-780 -> 899.11 | V73: 779.79 | W73: 1409.81 | X73: =6000/9 -> 666.66667 | Y73: =6000/9 -> 666.66667 | Z73: =SUM(N73:Y73) -> 4422.0433 | AA73: =Z73-E73 -> 422.04333
A74: Additional Items Instructional Service | C74: S | D74: =3092411-2712661-18750-40000-15000-12000-2500-40000-7400-20000 -> 224100 | E74: 224100 | F74: =SUM(OFFSET(N74,0,0,1,VLOOKUP($L$7,$AG$4:$AH$15,2,FALSE))) -> 79658.23 | G74: =IFERROR(F74/E74,0%) -> 0.35545841 | H74: =IFERROR(IF($L$7="june",0,SUM(OFFSET(Y74,0,0,1,(VLOOKUP($L$7,$AG$4:$AH$15,2,FALSE)-12)))),0) -> 92766 | K74: =H74+F74 -> 172424.23 | L74: =E74-K74 -> 51675.77 | R74: =35778.75 -> 35778.75 | S74: =19500+5000+3750 -> 28250 | T74: =7499 -> 7499 | V74: 6000 | W74: =2130.48 -> 2130.48 | X74: 47806 | Y74: 44960 | Z74: =SUM(N74:Y74) -> 172424.23 | AA74: =Z74-E74 -> -51675.77
A75: Student Activities | B75: 55314/55647 | C75: S | D75: 75000 | E75: 66120 | F75: =SUM(OFFSET(N75,0,0,1,VLOOKUP($L$7,$AG$4:$AH$15,2,FALSE))) -> 3192.03 | G75: =IFERROR(F75/E75,0%) -> 0.048276316 | H75: =IFERROR(IF($L$7="june",0,SUM(OFFSET(Y75,0,0,1,(VLOOKUP($L$7,$AG$4:$AH$15,2,FALSE)-12)))),0) -> 15000 | K75: =H75+F75 -> 18192.03 | L75: =E75-K75 -> 47927.97 | R75: 1667.38 | S75: 167.5 | T75: 885.17 | U75: 221.98 | V75: 250 | X75: 5000 | Y75: 10000 | Z75: =SUM(N75:Y75) -> 18192.03 | AA75: =Z75-E75 -> -47927.97
A76: Miscellaneous/Moving | B76: 15000/55721 | C76: S | D76: 15000 | E76: 15000 | F76: =SUM(OFFSET(N76,0,0,1,VLOOKUP($L$7,$AG$4:$AH$15,2,FALSE))) -> 2648.47 | G76: =IFERROR(F76/E76,0%) -> 0.17656467 | H76: =IFERROR(IF($L$7="june",0,SUM(OFFSET(Y76,0,0,1,(VLOOKUP($L$7,$AG$4:$AH$15,2,FALSE)-12)))),0) -> 7125.5 | K76: =H76+F76 -> 9773.97 | L76: =E76-K76 -> 5226.03 | N76: =619 -> 619 | O76: =130 -> 130 | S76: =54.97 -> 54.97 | V76: 950 | W76: =65+829.5 -> 894.5 | X76: =14251/8*2 -> 3562.75 | Y76: 3562.75 | Z76: =SUM(N76:Y76) -> 9773.97 | AA76: =Z76-E76 -> -5226.03
A77: Training | B77: 55667 | C77: S | D77: 25000 | E77: 25000 | F77: =SUM(OFFSET(N77,0,0,1,VLOOKUP($L$7,$AG$4:$AH$15,2,FALSE))) -> 8050 | G77: =IFERROR(F77/E77,0%) -> 0.322 | H77: =IFERROR(IF($L$7="june",0,SUM(OFFSET(Y77,0,0,1,(VLOOKUP($L$7,$AG$4:$AH$15,2,FALSE)-12)))),0) -> 16950 | K77: =H77+F77 -> 25000 | L77: =E77-K77 -> 0 | O77: ` | Q77: =9645-1595 -> 8050 | X77: 10650 | Y77: 6300 | Z77: =SUM(N77:Y77) -> 25000 | AA77: =Z77-E77 -> 0
A78: Total Contracted Services (50) | D78: =SUM(D51:D77) -> 2691913 | E78: =SUM(E51:E77) -> 2721927 | F78: =SUM(F51:F77) -> 1980802.9 | G78: =IFERROR(F78/E78,0%) -> 0.72772079 | H78: =SUM(H51:H77) -> 576021.74 | J78: =SUM(J51:J77) -> 0 | K78: =SUM(K51:K77) -> 2556824.6 | L78: =SUM(L51:L77) -> 165102.38 | N78: =SUM(N51:N77) -> 186603.39 | O78: =SUM(O51:O77) -> 296112.3 | P78: =SUM(P51:P77) -> 316724.92 | Q78: =SUM(Q51:Q77) -> 93066.24 | R78: =SUM(R51:R77) -> 192133.4 | S78: =SUM(S51:S77) -> 241229.67 | T78: =SUM(T51:T77) -> 210586.61 | U78: =SUM(U51:U77) -> 85583.78 | ... Z78: =SUM(Z51:Z77) -> 2556824.6 | AA78: =Z78-E78 -> -165102.38
AA79: =Z79-E79 -> 0
A80: Admin Supplies | B80: 56010/56000 | C80: S | D80: 20500 | E80: 18500 | F80: =SUM(OFFSET(N80,0,0,1,VLOOKUP($L$7,$AG$4:$AH$15,2,FALSE))) -> 7484.72 | G80: =IFERROR(F80/E80,0%) -> 0.40457946 | H80: =IFERROR(IF($L$7="june",0,SUM(OFFSET(Y80,0,0,1,(VLOOKUP($L$7,$AG$4:$AH$15,2,FALSE)-12)))),0) -> 5000 | K80: =H80+F80 -> 12484.72 | L80: =E80-K80 -> 6015.28 | N80: =491.25 -> 491.25 | P80: 229.8 | Q80: 140.06 | R80: 146.82 | S80: 828.83 | T80: 25 | U80: 4097.8 | V80: 826.61 | W80: =291.06+407.49 -> 698.55 | X80: 2500 | Y80: 2500 | Z80: =SUM(N80:Y80) -> 12484.72 | AA80: =Z80-E80 -> -6015.28
A81: Promo Supplies | B81: 56011 | C81: S | F81: =SUM(OFFSET(N81,0,0,1,VLOOKUP($L$7,$AG$4:$AH$15,2,FALSE))) -> 0 | G81: =IFERROR(F81/E81,0%) -> 0 | H81: =IFERROR(IF($L$7="june",0,SUM(OFFSET(Y81,0,0,1,(VLOOKUP($L$7,$AG$4:$AH$15,2,FALSE)-12)))),0) -> 0 | K81: =H81+F81 -> 0 | L81: =E81-K81 -> 0 | Z81: =SUM(N81:Y81) -> 0 | AA81: =Z81-E81 -> 0
A82: Operating Supplies | B82: 56110 | C82: S | D82: 16000 | E82: 13900 | F82: =SUM(OFFSET(N82,0,0,1,VLOOKUP($L$7,$AG$4:$AH$15,2,FALSE))) -> 5920.16 | G82: =IFERROR(F82/E82,0%) -> 0.42591079 | H82: =IFERROR(IF($L$7="june",0,SUM(OFFSET(Y82,0,0,1,(VLOOKUP($L$7,$AG$4:$AH$15,2,FALSE)-12)))),0) -> 5070.6757 | K82: =H82+F82 -> 10990.836 | L82: =E82-K82 -> 2909.1643 | R82: =275.88+221.39+1598 -> 2095.27 | S82: 75 | T82: 14.8 | U82: =244.3+223.59+189.28 -> 657.17 | V82: =187.98+365.79 -> 553.77 | W82: =1091.83+1374.24+58.08 -> 2524.15 | X82: =15502.73/7 -> 2214.6757 | Y82: 2856 | Z82: =SUM(N82:Y82) -> 10990.836 | AA82: =Z82-E82 -> -2909.1643
A83: Food | B83: 56111 | C83: S | D83: 500 | E83: 1000 | F83: =SUM(OFFSET(N83,0,0,1,VLOOKUP($L$7,$AG$4:$AH$15,2,FALSE))) -> 673.62 | G83: =IFERROR(F83/E83,0%) -> 0.67362 | H83: =IFERROR(IF($L$7="june",0,SUM(OFFSET(Y83,0,0,1,(VLOOKUP($L$7,$AG$4:$AH$15,2,FALSE)-12)))),0) -> 0 | K83: =H83+F83 -> 673.62 | L83: =E83-K83 -> 326.38 | O83: 160.75 | P83: 479.89 | T83: 32.98 | Z83: =SUM(N83:Y83) -> 673.62 | AA83: =Z83-E83 -> -326.38
A84: Clothing & Linens | B84: 56120 | C84: S | F84: =SUM(OFFSET(N84,0,0,1,VLOOKUP($L$7,$AG$4:$AH$15,2,FALSE))) -> 0 | G84: =IFERROR(F84/E84,0%) -> 0 | H84: =IFERROR(IF($L$7="june",0,SUM(OFFSET(Y84,0,0,1,(VLOOKUP($L$7,$AG$4:$AH$15,2,FALSE)-12)))),0) -> 0 | K84: =H84+F84 -> 0 | L84: =E84-K84 -> 0 | Z84: =SUM(N84:Y84) -> 0 | AA84: =Z84-E84 -> 0
A85: Custodial Supplies | B85: 56141 | F85: =SUM(OFFSET(N85,0,0,1,VLOOKUP($L$7,$AG$4:$AH$15,2,FALSE))) -> 109.38 | G85: =IFERROR(F85/E85,0%) -> 0 | H85: =IFERROR(IF($L$7="june",0,SUM(OFFSET(Y85,0,0,1,(VLOOKUP($L$7,$AG$4:$AH$15,2,FALSE)-12)))),0) -> 0 | K85: =H85+F85 -> 109.38 | L85: =E85-K85 -> -109.38 | W85: 109.38 | Z85: =SUM(N85:Y85) -> 109.38 | AA85: =Z85-E85 -> 109.38
A86: Computer Supplies | B86: 56145 | C86: S | D86: 236914 | E86: 236913 | F86: =SUM(OFFSET(N86,0,0,1,VLOOKUP($L$7,$AG$4:$AH$15,2,FALSE))) -> 110429.98 | G86: =IFERROR(F86/E86,0%) -> 0.46612039 | H86: =IFERROR(IF($L$7="june",0,SUM(OFFSET(Y86,0,0,1,(VLOOKUP($L$7,$AG$4:$AH$15,2,FALSE)-12)))),0) -> 88759 | K86: =H86+F86 -> 199188.98 | L86: =E86-K86 -> 37724.02 | N86: =899 -> 899 | O86: 899 | P86: =36984+10636.5 -> 47620.5 | Q86: 40200 | R86: 481.82 | U86: =2466+64 -> 2530 | V86: =23.49+10499.99 -> 10523.48 | W86: =4544.99+2731.19 -> 7276.18 | X86: 25000 | Y86: 63759 | Z86: =SUM(N86:Y86) -> 199188.98 | AA86: =Z86-E86 -> -37724.02
A87: Instructional Supplies | B87: 56150 | C87: S | D87: 50000 | E87: 50000 | F87: =SUM(OFFSET(N87,0,0,1,VLOOKUP($L$7,$AG$4:$AH$15,2,FALSE))) -> 55276.37 | G87: =IFERROR(F87/E87,0%) -> 1.1055274 | H87: =IFERROR(IF($L$7="june",0,SUM(OFFSET(Y87,0,0,1,(VLOOKUP($L$7,$AG$4:$AH$15,2,FALSE)-12)))),0) -> 9462 | K87: =H87+F87 -> 64738.37 | L87: =E87-K87 -> -14738.37 | N87: =685.01 -> 685.01 | P87: =89.99+15447.86 -> 15537.85 | Q87: =2700+5099.4 -> 7799.4 | R87: =39.56+6808.31-800 -> 6047.87 | S87: =102.59+795.85+1834.34+2698+0.1 -> 5430.88 | T87: =117.6 -> 117.6 | U87: =778.72+71.94+724.42 -> 1575.08 | V87: 96.63 | W87: =1681.33+722.75+9104.09+477.88+6000 -> 17986.05 | X87: 4538 | Y87: 4924 | Z87: =SUM(N87:Y87) -> 64738.37 | AA87: =Z87-E87 -> 14738.37
A88: Athletic Supplies | B88: 56960 | C88: S | E88: 0 | F88: =SUM(OFFSET(N88,0,0,1,VLOOKUP($L$7,$AG$4:$AH$15,2,FALSE))) -> 0 | G88: =IFERROR(F88/E88,0%) -> 0 | H88: =IFERROR(IF($L$7="june",0,SUM(OFFSET(Y88,0,0,1,(VLOOKUP($L$7,$AG$4:$AH$15,2,FALSE)-12)))),0) -> 0 | K88: =H88+F88 -> 0 | L88: =E88-K88 -> 0 | Z88: =SUM(N88:Y88) -> 0 | AA88: =Z88-E88 -> 0
A89: Vehicle Expenses | B89: 56183 | C89: S | E89: 0 | F89: =SUM(OFFSET(N89,0,0,1,VLOOKUP($L$7,$AG$4:$AH$15,2,FALSE))) -> 0 | G89: =IFERROR(F89/E89,0%) -> 0 | H89: =IFERROR(IF($L$7="june",0,SUM(OFFSET(Y89,0,0,1,(VLOOKUP($L$7,$AG$4:$AH$15,2,FALSE)-12)))),0) -> 0 | K89: =H89+F89 -> 0 | L89: =E89-K89 -> 0 | Z89: =SUM(N89:Y89) -> 0 | AA89: =Z89-E89 -> 0
A90: Textbooks | B90: 56157 | C90: S | E90: 0 | F90: =SUM(OFFSET(N90,0,0,1,VLOOKUP($L$7,$AG$4:$AH$15,2,FALSE))) -> 0 | G90: =IFERROR(F90/E90,0%) -> 0 | H90: =IFERROR(IF($L$7="june",0,SUM(OFFSET(Y90,0,0,1,(VLOOKUP($L$7,$AG$4:$AH$15,2,FALSE)-12)))),0) -> 0 | K90: =H90+F90 -> 0 | L90: =E90-K90 -> 0 | Z90: =SUM(N90:Y90) -> 0 | AA90: =Z90-E90 -> 0
A91: Medical Supplies/Medicines/Health Aides | B91: 56128 | C91: S | E91: 0 | F91: =SUM(OFFSET(N91,0,0,1,VLOOKUP($L$7,$AG$4:$AH$15,2,FALSE))) -> 191.6 | G91: =IFERROR(F91/E91,0%) -> 0 | H91: =IFERROR(IF($L$7="june",0,SUM(OFFSET(Y91,0,0,1,(VLOOKUP($L$7,$AG$4:$AH$15,2,FALSE)-12)))),0) -> 0 | K91: =H91+F91 -> 191.6 | L91: =E91-K91 -> -191.6 | T91: 43.64 | W91: 147.96 | Z91: =SUM(N91:Y91) -> 191.6 | AA91: =Z91-E91 -> 191.6
A92: Institutional Equipment | B92: 56950 | C92: S | D92: 5004 | E92: 5004 | F92: =SUM(OFFSET(N92,0,0,1,VLOOKUP($L$7,$AG$4:$AH$15,2,FALSE))) -> 5339.87 | G92: =IFERROR(F92/E92,0%) -> 1.0671203 | H92: =IFERROR(IF($L$7="june",0,SUM(OFFSET(Y92,0,0,1,(VLOOKUP($L$7,$AG$4:$AH$15,2,FALSE)-12)))),0) -> 0 | K92: =H92+F92 -> 5339.87 | L92: =E92-K92 -> -335.87 | O92: 5004 | U92: 335.87 | Z92: =SUM(N92:Y92) -> 5339.87 | AA92: =Z92-E92 -> 335.87
A93: Staff Appreciation | B93: 55681 | C93: S | D93: 300 | E93: 300 | F93: =SUM(OFFSET(N93,0,0,1,VLOOKUP($L$7,$AG$4:$AH$15,2,FALSE))) -> 712.6 | G93: =IFERROR(F93/E93,0%) -> 2.3753333 | H93: =IFERROR(IF($L$7="june",0,SUM(OFFSET(Y93,0,0,1,(VLOOKUP($L$7,$AG$4:$AH$15,2,FALSE)-12)))),0) -> 0 | K93: =H93+F93 -> 712.6 | L93: =E93-K93 -> -412.6 | N93: 300 | T93: 219.8 | U93: 192.8 | Z93: =SUM(N93:Y93) -> 712.6 | AA93: =Z93-E93 -> 412.6
A94: Total Supplies/Materials (60) | D94: =SUM(D80:D93) -> 329218 | E94: =SUM(E80:E93) -> 325617 | F94: =SUM(F80:F93) -> 186138.3 | G94: =IFERROR(F94/E94,0%) -> 0.57164798 | H94: =SUM(H80:H93) -> 108291.68 | J94: =SUM(J80:J93) -> 0 | K94: =SUM(K80:K93) -> 294429.98 | L94: =SUM(L80:L93) -> 31187.024 | N94: =SUM(N80:N93) -> 2375.26 | O94: =SUM(O80:O93) -> 6063.75 | P94: =SUM(P80:P93) -> 63868.04 | Q94: =SUM(Q80:Q93) -> 48139.46 | R94: =SUM(R80:R93) -> 8771.78 | S94: =SUM(S80:S93) -> 6334.71 | T94: =SUM(T80:T93) -> 453.82 | U94: =SUM(U80:U93) -> 9388.72 | ... Z94: =SUM(Z80:Z93) -> 294429.98 | AA94: =Z94-E94 -> -31187.024
AA95: =Z95-E95 -> 0
A96: Renovation | Z96: =SUM(N96:Y96) -> 0 | AA96: =Z96-E96 -> 0
AA97: =Z97-E97 -> 0
A98: Other (Summer Encumbrances) | F98: =SUM(OFFSET(N98,0,0,1,VLOOKUP($L$7,$AG$4:$AH$15,2,FALSE))) -> 0 | G98: =IFERROR(F98/E98,0%) -> 0 | H98: =IFERROR(IF($L$7="june",0,SUM(OFFSET(Y98,0,0,1,(VLOOKUP($L$7,$AG$4:$AH$15,2,FALSE)-12)))),0) -> 0 | K98: =H98+F98 -> 0 | L98: =+E98-K98 -> 0 | Z98: =SUM(N98:Y98) -> 0 | AA98: =Z98-E98 -> 0
AA99: =Z99-E99 -> 0
A100: Furniture & Fixtures | C100: C | E100: 0 | F100: =SUM(OFFSET(N100,0,0,1,VLOOKUP($L$7,$AG$4:$AH$15,2,FALSE))) -> 0 | G100: =IFERROR(F100/E100,0%) -> 0 | H100: =IFERROR(IF($L$7="june",0,SUM(OFFSET(Y100,0,0,1,(VLOOKUP($L$7,$AG$4:$AH$15,2,FALSE)-12)))),0) -> 0 | J100: 0 | K100: =H100+F100 -> 0 | L100: =+E100-K100 -> 0 | Z100: =SUM(N100:Y100) -> 0 | AA100: =Z100-E100 -> 0
...

Sheet DFMS Summary
B1: Fiscal Yr | C1: Fund | D1: Appr Code | E1: Description | F1: Avail funds | G1: Encumbrances | H1: Expenditures | I1: Balance | J1: End Date
B3: 2015 | C3: 105 | D3: 05235 | E3: Technology Block Grant | F3: 3214 | I3: =F3-G3-H3 -> 3214 | J3: 42185
B5: 2015 | C5: 105 | D5: 05213 | E5: Operations | F5: 1099530 | G5: 99034.54 | H5: 747090.87 | I5: =F5-G5-H5 -> 253404.59 | J5: 42185
B6: 2015 | C6: 105 | D6: 05215 | E6: Educ Acountability | F6: 663 | G6: 0 | H6: 0 | I6: =F6-G6-H6 -> 663 | J6: 42185
B7: 2015 | C7: 105 | D7: 05289 | E7: Ed Sustainment Fund | F7: 38782 | H7: 21307.03 | I7: =F7-G7-H7 -> 17474.97 | J7: 42185
E9: Total State Fund | F9: =SUM(F2:F8) -> 1142189 | G9: =SUM(G2:G8) -> 99034.54 | H9: =SUM(H2:H8) -> 768397.9 | I9: =SUM(I2:I8) -> 274756.56
B12: 2015 | C12: 005 | D12: 98260 | E12: Charter - Start Up | J12: 42185
B14: 2015 | C14: 005 | D14: 98000 | E14: Local Funds | F14: 813784.26 | G14: 794 | H14: 316789.48 | I14: =+F14-G14-H14 -> 496200.78 | J14: 42185
B16: 2015 | C16: 005 | D16: 91100 | E16: Lunch Money | J16: 42185
A18: * | B18: 2015 | C18: 005 | D18: 98159 | E18: Donations | F18: 132632.97 | H18: 38037.95 | I18: =F18-G18-H18 -> 94595.02 | J18: 42185
E20: Total Local Fund | F20: =SUM(F12:F19) -> 946417.23 | G20: =SUM(G12:G18) -> 794 | H20: =SUM(H12:H19) -> 354827.43 | I20: =SUM(I12:I19) -> 590795.8
B22: 2015 | C22: 505 | D22: 40114 | E22: Title II | F22: 13002 | I22: =+F22-G22-H22 -> 13002 | J22: 42704
B23: 2105 | C23: 505 | D23: 40554 | E23: Title I | F23: 71596 | I23: =+F23-G23-H23 -> 71596 | J23: 42704
B24: 2015 | C24: 505 | D24: 40564 | E24: IDEA - B | F24: 35985 | I24: =+F24-G24-H24 -> 35985 | J24: 42704
E26: All Funds Total | F26: =F9+F20+F22+F23+F24 -> 2209189.2 | G26: =G9+G20+G22+G23+G24 -> 99828.54 | H26: =H9+H20+H22+H23+H24 -> 1123225.3 | I26: =I9+I20+I22+I23+I24 -> 986135.36
C28: Payment from Academia checkbook for EL fees (not in FSF) | H28: 35933.34
C29: Total Expenditures as of December 31, 2014 | H29: =SUM(H26:H28) -> 1159158.7

Sheet Sheet1
B5: Year To Date
A6: Principal | B6: =51961.44+6461.54 -> 58422.98
A7: Teachers (regular) | B7: =199419.66+50313.11 -> 249732.77
A8: Nurse | B8: 8746 | C8: =1355.5*14 -> 18977 | D8: =+C8+B8 -> 27723
A9: Clerical | B9: =5760+5760 -> 11520
A10: Custodian
A11: Director | B11: =32501.97+18585.97 -> 51087.94
A12: Hourly Salaries
A13: Substitute Teachers
A14: Paraprofessionals | B14: =23769.3+12592.33 -> 36361.63 | C14: =1102.82*12+858.69*14+905.9*14 -> 37938.1 | D14: =+C14+B14 -> 74299.73
A15: EPER - Extra Curricular
A16: Summer School
A19: Director
A20: Caridad | B20: =3273.81+4912.25+6553.76+3273.81*7+3273.81*12 -> 76942.21
A21: Browne | B21: =3846.1583+1871.51 -> 5717.6683
B22: =SUM(B20:B21) -> 82659.878
A23: Principal
A24: Uridiales | B24: =3230.77*5+4281.9+5685.82 -> 26121.57
A25: Barry | B25: 35824
B26: =SUM(B24:B25) -> 61945.57 | G26: 11543
A27: Teacher | C27: Current | D27: Revised | F27: Health
A28: Bickel | B28: B, 0 | C28: 35243 | D28: 35243 | F28: 0
A29: Cardona | B29: B, 1 | C29: =1355.5*26 -> 35243 | D29: 36030 | F29: 707.65 | G29: =+F29*13 -> 9199.45
A30: Eppinger | B30: M, 11 | C30: 36436 | D30: =58938*64.44% -> 37979.647 | F30: 0 | G30: =+F30*13 -> 0
A31: Flores | B31: B, 0 | C31: 35243 | D31: 35243 | F31: 268.17 | G31: =+F31*13 -> 3486.21
A32: Le | B32: M, 0 | C32: 25421 | D32: =39449*64.44% -> 25420.936 | G32: =+F32*13 -> 0
A33: Martinez | B33: M, 9 | C33: 58938 | D33: 54752 | F33: 705.83 | G33: =+F33*13 -> 9175.79
A34: Otero | B34: B, 0 | C34: 35243 | D34: 35243 | G34: =+F34*13 -> 0
A35: Pasquale | B35: M, 1 | C35: 40447 | D35: 40447 | F35: 270.12 | G35: =+F35*13 -> 3511.56
A36: Quackenbush | B36: B, 0 | C36: 35243 | D36: 35243 | F36: 263.72 | G36: =+F36*13 -> 3428.36
A37: Smith | B37: M15, 5 | C37: 46700 | D37: 48620 | F37: 705.83 | G37: =+F37*13 -> 9175.79
A38: Torres | B38: B, 5 | C38: 25065 | D38: =40447*64.44% -> 26064.047 | G38: =+F38*13 -> 0
A39: Wilsey | B39: M, 8 | C39: 48111 | D39: 52985 | F39: 268.17 | G39: =+F39*13 -> 3486.21
A40: Robertson | B40: term | D40: =723.17+1446.35*8+4400.79 -> 16694.76
A41: Arroyo | B41: term | D41: =4400.87+1760.35*6+3115.23 -> 18078.2
A42: Aud Diaz | D42: =856.83+1713.65+1235.73 -> 3806.21
A43: New | D43: 18243 | F43: 700 | G43: =+F43*9 -> 6300
A44: New | D44: 18243 | F44: 700 | G44: =+F44*9 -> 6300
D45: =SUM(D28:D44) -> 538335.8 | G45: =SUM(G26:G44) -> 65606.37
A46: Nurse | F46: 711.52 | G46: =+F46*13 -> 9249.76
A47: Secretary | F47: 410.64 | G47: =+F47*11 -> 4517.04
A48: Director | F48: 272.09 | G48: =+F48*11 -> 2992.99
A49: Principal | F49: 419.33 | G49: =+F49*5 -> 2096.65
A50: Paras | F50: =711.52+412.7 -> 1124.22 | G50: =+F50*13 -> 14614.86
G51: =SUM(G45:G49) -> 84462.81

Sheet Cash Report
A2: Great Oaks Charter School
A3: Summary by Fiscal Year - Fund - Appropriation
A4: =VLOOKUP('Cash Flow'!$L$7,'Cash Flow'!$AG$4:$AJ$20,4) -> As of April 30, 2021
A6: Fiscal Yr | B6: Fund | C6: Appr Code | D6: Description | E6: Avail funds | F6: Encumbrances | G6: Expenditures | H6: Prior Yr Expenditures | I6: Balance | J6: End Date
A7: 2021 | B7: 111 | C7: 05213 | D7: OPERATIONS | E7: 2759666 | F7: 47722 | G7: 2525358.9 | I7: =E7-F7-G7 -> 186585.09 | J7: 44377
A8: 2021 | B8: 111 | C8: 05177 | D8: Charter Transportation | E8: 316311 | G8: 243285.79 | I8: =E8-F8-G8 -> 73025.21 | J8: 44377
A9: 2021 | B9: 111 | C9: 05105 | D9: Educator Prep Partners | E9: 57714.46 | G9: 10573.03 | I9: =E9-F9-G9 -> 47141.43 | J9: 44377
A10: 2021 | B10: 111 | C10: 05181 | D10: Unique Alternatives | E10: 8526 | I10: =E10-F10-G10 -> 8526 | J10: 44377
A11: 2021 | B11: 111 | C11: 05317 | D11: Child Safety Awareness | E11: 142 | I11: =E11-F11-G11 -> 142 | J11: 44377
A12: 2021 | B12: 111 | C12: 05235 | D12: Technology Block Grant | E12: 9965 | G12: 9965 | I12: =E12-F12-G12 -> 0 | J12: 44377
A13: 2021 | B13: 111 | C13: 05288 | D13: Operations | E13: 515179.04 | G13: 358121.02 | I13: =E13-F13-G13 -> 157058.02 | J13: 6/30/21
A14: 2021 | B14: 111 | C14: 05289 | D14: Ed Sustainment Fund | E14: 74457 | G14: 74457 | I14: =E14-F14-G14-H14 -> 0 | J14: 44377
A15: 2019 | B15: 111 | C15: 10171 | D15: School Safety & Security | E15: 15107.94 | H15: 12266.57 | I15: =E15-F15-G15-H15 -> 2841.37 | J15: 44377
A16: 2021 | B16: 111 | C16: 05297 | D16: Education Opportunity | E16: 50650 | G16: 25215.15 | I16: =E16-F16-G16-H16 -> 25434.85 | J16: 44377
A17: 2021 | B17: 111 | C17: 05302 | D17: CPR Instruction | E17: 140.42 | I17: =E17-F17-G17-H17 -> 140.42 | J17: 44377
A18: 2021 | B18: 111 | C18: 05316 | D18: Crirical Needs Scholarship | E18: 2420 | I18: =E18-F18-G18-H18 -> 2420 | J18: 44377
A19: 2020 | B19: 111 | C19: 05297 | D19: Education Opportunity | E19: 45700 | G19: 10522.43 | H19: 35177.57 | I19: =E19-F19-G19-H19 -> 0 | J19: 44377
A20: 2020 | B20: 111 | C20: 08914 | D20: Educational Opportunity | E20: 96350 | G20: 35737.62 | H20: 35177.43 | I20: =E20-F20-G20-H20 -> 25434.95 | J20: 44377
A21: 2020 | B21: 111 | C21: 05213 | D21: OPERATIONS | E21: 3646802 | G21: 6386.48 | H21: 3636677.2 | I21: =E21-F21-G21-H21 -> 3738.35 | J21: 44377
A22: 2020 | B22: 111 | C22: 05299 | D22: School Transfer | E22: 1160 | G22: 1160 | I22: =E22-F22-G22-H22 -> 0 | J22: 44377
A23: 2020 | B23: 711 | C23: 59970 | D23: School Safety & Security | E23: 14598.15 | I23: =E23-F23-G23-H23 -> 14598.15 | J23: 44742
A24: 2021 | B24: 711 | C24: 50022 | D24: MCI | E24: 68817 | G24: 68817 | I24: =E24-F24-G24-H24 -> 0 | J24: 45107
A25: 2020 | B25: 711 | C25: 50022 | D25: MCI | E25: 71001 | G25: 71001 | I25: =E25-F25-G25-H25 -> 0 | J25: 44742
D26: Total State Fund | E26: =SUM(E7:E25) -> 7754707 | F26: =SUM(F7:F25) -> 47722 | G26: =SUM(G7:G25) -> 3440600.4 | H26: =SUM(H7:H25) -> 3719298.7 | I26: =SUM(I7:I25) -> 547085.84
A28: 2019 | B28: 511 | C28: 40114 | D28: IASA Title II | E28: 41204 | G28: 2 | H28: 41202 | I28: =E28-F28-G28-H28 -> 0 | J28: 44530
A29: 2020 | B29: 511 | C29: 40114 | D29: IASA Title II | E29: 48486 | G29: 3169.66 | H29: 45316.34 | I29: =E29-F29-G29-H29 -> 0 | J29: 44530
A30: 2021 | B30: 511 | C30: 40114 | D30: IASA Title II | E30: 50036 | G30: 22632.76 | I30: =E30-F30-G30-H30 -> 27403.24 | J30: 44895
A31: 2019 | B31: 511 | C31: 40240 | D31: 21st Century Learning | E31: 320000 | G31: 38740.26 | H31: 281259.74 | I31: =E31-F31-G31-H31 -> 0 | J31: 44469
A32: 2020 | B32: 511 | C32: 40240 | D32: 21st Century Learning | E32: 348600 | F32: 7867.5 | G32: 274547.32 | H32: 29362.14 | I32: =E32-F32-G32-H32 -> 36823.04 | J32: 44469
A33: 2021 | B33: 511 | C33: 40240 | D33: 21st Century Learning | E33: 285800 | F33: 36000 | G33: 24434.01 | H33: 0 | I33: =E33-F33-G33-H33 -> 225365.99 | J33: 44469
A34: 2019 | B34: 511 | C34: 40532 | D34: Title IV | E34: 27210 | G34: 2875.3 | H34: 24334.7 | I34: =E34-F34-G34-H34 -> 0 | J34: 44530
A35: 2020 | B35: 511 | C35: 40532 | D35: Title IV | E35: 30248 | G35: -973.68 | H35: 26757.27 | I35: =E35-F35-G35-H35 -> 4464.41 | J35: 44530
A36: 2021 | B36: 511 | C36: 40532 | D36: Title IV | E36: 31094 | G36: 16979.74 | I36: =E36-F36-G36-H36 -> 14114.26 | J36: 44895
A37: 2019 | B37: 511 | C37: 40564 | D37: IDEA B | E37: 108220.8 | G37: 7887.27 | H37: 100333.53 | I37: =E37-F37-G37-H37 -> 0 | J37: 44530
A38: 2020 | B38: 511 | C38: 40564 | D38: IDEA B | E38: 117011 | G38: 6760.62 | H38: 90891.44 | I38: =E38-F38-G38-H38 -> 19358.94 | J38: 44530
A39: 2021 | B39: 511 | C39: 40564 | D39: IDEA B | E39: 121467 | G39: 88225.68 | I39: =E39-F39-G39-H39 -> 33241.32 | J39: 44591
A40: 2020 | B40: 511 | C40: 41015 | D40: Career Tech | E40: 38203.31 | G40: 4954.25 | H40: 17271.68 | I40: =E40-F40-G40-H40 -> 15977.38 | J40: 44530
A41: 2021 | B41: 511 | C41: 41015 | D41: Career Tech | E41: 21501.83 | G41: 13615.1 | I41: =E41-F41-G41-H41 -> 7886.73 | J41: 44530
A42: 2020 | B42: 511 | C42: 40730 | D42: School Emergency Relief | E42: 222593 | F42: 48820 | G42: 175457.64 | I42: =E42-F42-G42-H42 -> -1684.64 | J42: 44895
A43: 2020 | B43: 511 | C43: 40768 | D43: GEER | E43: 35000 | G43: 8000 | I43: =E43-F43-G43-H43 -> 27000 | J43: 44925
A44: 2019 | B44: 511 | C44: 40554 | D44: Title I | E44: 257156.47 | G44: 27970.31 | H44: 229186.16 | I44: =E44-F44-G44-H44 -> 0 | J44: 44530
A45: 2020 | B45: 511 | C45: 40554 | D45: Title I | E45: 273829 | G45: 47700.17 | H45: 226128.83 | I45: =E45-F45-G45-H45 -> 0 | J45: 44530
A46: 2021 | B46: 511 | C46: 40554 | D46: Title I | E46: 244541 | G46: 174928.23 | I46: =E46-F46-G46-H46 -> 69612.77 | J46: 44895
D47: Total Federal Funds | E47: =SUM(E28:E46) -> 2622201.4 | F47: =SUM(F28:F45) -> 92687.5 | G47: =SUM(G28:G46) -> 937906.64 | H47: =SUM(H28:H45) -> 1112043.8 | I47: =E47-F47-G47-H47 -> 479563.44
A49: 2021 | B49: 011 | C49: 98000 | D49: Local Funds Transfer & Interest | E49: 2233328.9 | F49: 96689.67 | G49: 796566.31 | I49: =E49-F49-G49-H49 -> 1340072.9 | J49: 44377
A50: 2021 | B50: 011 | C50: 98034 | D50: Other Local Revenue | E50: 0 | G50: 0 | I50: =E50-F50-G50-H50 -> 0 | J50: 44377
A51: 2021 | B51: 011 | C51: 98159 | D51: Donations | E51: 405838.31 | G51: 386538.73 | I51: =E51-F51-G51-H51 -> 19299.58 | J51: 44377
A52: 2021 | B52: 011 | C52: 98162 | D52: Contributions | E52: 90000 | G52: 47321.13 | I52: =E52-F52-G52-H52 -> 42678.87 | J52: 44377
A53: 2021 | B53: 011 | C53: 99804 | D53: NCC DL | E53: 24050 | G53: 24050 | I53: =E53-F53-G53-H53 -> 0 | J53: 44377
A54: 2021 | B54: 011 | C54: 98220 | D54: Fundraising | E54: 14.16 | I54: =E54-F54-G54-H54 -> 14.16 | J54: 44377
A55: 2021 | B55: 011 | C55: 98231 | D55: School Activities | E55: 12415.37 | G55: 4296.23 | I55: =E55-F55-G55-H55 -> 8119.14 | J55: 44377
A56: 2021 | B56: 011 | C56: 98260 | D56: Charter Start Up (CSP) | E56: 7550.73 | G56: 5395 | I56: =E56-F56-G56-H56 -> 2155.73 | J56: 44377
A57: 2020 | B57: 011 | C57: 98260 | D57: Payroll Exp Reimb | E57: 25524.95 | G57: -25524.95 | H57: 25524.95 | I57: =E57-F57-G57-H57 -> 25524.95 | J57: 44377
A58: 2021 | B58: 011 | C58: 99198 | D58: Payroll Exp Reimb | G58: 33980.39 | I58: =E58-F58-G58-H58 -> -33980.39 | J58: 44377
A59: 2021 | B59: 011 | C59: 99150 | D59: EXC - FY21 CSD SETTMEMENT | E59: 55763.17 | I59: =E59-F59-G59-H59 -> 55763.17 | J59: 44377
D61: Total Local Fund | E61: =SUM(E49:E60) -> 2854485.6 | F61: =SUM(F49:F60) -> 96689.67 | G61: =SUM(G49:G60) -> 1272622.8 | H61: =SUM(H49:H60) -> 25524.95 | I61: =E61-F61-G61-H61 -> 1459648.1
D63: All Funds Total | E63: =E26+E47+E61 -> 13231394 | F63: =F26+F47+F61 -> 237099.17 | G63: =G26+G47+G61 -> 5651129.9 | H63: =H26+H47+H61 -> 4856867.5 | I63: =E63-F63-G63-H63 -> 2486297.4
I66: 6091010.1
I67: =-3389132.31-215580.35 -> -3604712.7
I68: =SUM(I66:I67) -> 2486297.4

Sheet Web Report
A1: Great Oaks Charter School
A2: Monthly Financial Statement
B3: =VLOOKUP('Cash Flow'!$L$7,'Cash Flow'!$AG$4:$AJ$20,4) -> As of April 30, 2021
A4: General Operating Budget
B6: REVENUE
B7: State Funds | C7: Final FY 21 Budget | D7: Receipt to Date | F7: % Received | G7: Over/(Under) Budget
G9: =C9-D9 -> 0
B10: Operations (05213) | C10: ='Cash Flow'!E13 -> 3075977 | D10: ='Cash Flow'!F13 -> 3075977 | F10: =D10/C10 -> 1 | G10: =D10-C10 -> 0
B11: Education Sustainment Fund (05289) | C11: ='Cash Flow'!E14 -> 74457 | D11: ='Cash Flow'!F14 -> 74457 | F11: =D11/C11 -> 1 | G11: =D11-C11 -> 0
B12: Tech Block Grant (05235) | C12: ='Cash Flow'!E15 -> 9965 | D12: ='Cash Flow'!F15 -> 9965 | F12: =D12/C12 -> 1 | G12: =D12-C12 -> 0
B13: School Safety & Security Grant & Other State | C13: ='Cash Flow'!E16+'Cash Flow'!E17+'Cash Flow'!E19 -> 629114 | D13: ='Cash Flow'!F16+'Cash Flow'!F17 -> 585281.92 | G13: =D13-C13 -> -43832.08
B14: Educational Opportunity (05297) | C14: ='Cash Flow'!E18 -> 101300 | D14: ='Cash Flow'!F18 -> 101300 | F14: =D14/C14 -> 1 | G14: =D14-C14 -> 0
B15: MCI (50022) | C15: ='Cash Flow'!E23 -> 68817 | D15: ='Cash Flow'!F23 -> 68817 | F15: =D15/C15 -> 1 | G15: =D15-C15 -> 0
B17: Total State Funds | C17: =SUM(C9:C15) -> 3959630 | D17: =SUM(D9:D15) -> 3915797.9 | F17: =IFERROR(D17/C17,0) -> 0.98893026 | G17: =SUM(G10:G15) -> -43832.08
B20: School District Local Funds Transfer & Interest (98000) | C20: ='Cash Flow'!E20 -> 2111091 | D20: ='Cash Flow'!F20 -> 2145237.8 | F20: =D20/C20 -> 1.016175 | G20: =D20-C20 -> 34146.83
B21: Federal Funds | C21: ='Cash Flow'!E22 -> 927098 | D21: ='Cash Flow'!F22 -> 1012032.8 | F21: =D21/C21 -> 1.0916136 | G21: =D21-C21 -> 84934.83
B22: CSP | C22: ='Cash Flow'!E21 -> 113295 | D22: ='Cash Flow'!F21 -> 0 | F22: =D22/C22 -> 0 | G22: =D22-C22 -> -113295
B23: Contributions (98159) | C23: ='Cash Flow'!E24 -> 136550 | D23: ='Cash Flow'!F24 -> 131550 | F23: =D23/C23 -> 0.96338338 | G23: =D23-C23 -> -5000
B24: Other | C24: ='Cash Flow'!E25 -> 10931 | D24: ='Cash Flow'!F25 -> 0 | F24: =D24/C24 -> 0 | G24: =D24-C24 -> -10931
B25: Carryover | C25: ='Cash Flow'!E26 -> 1098907 | D25: ='Cash Flow'!F26 -> 1098906.9 | F25: =D25/C25 -> 0.99999992 | G25: =D25-C25 -> -0.09
C26: =SUM(C20:C25) -> 4397872 | D26: =SUM(D20:D25) -> 4387727.6 | F26: =D26/C26 -> 0.99769333 | G26: =SUM(G20:G25) -> -10144.43
B27: All Funds Total | C27: =SUM(C17:C25) -> 8357502 | D27: =SUM(D17:D25) -> 8303525.5 | F27: =IFERROR(D27/C27,0) -> 0.99354155 | G27: =G26+G17 -> -53976.51
B31: EXPENDITURES
B33: Operating Budget Description | C33: Final Budget | D33: Encumbrances | F33: Expenditures | G33: Balance | H33: Percentage Obligated
B35: Salaries and Benefits | C35: ='Cash Flow'!E39+'Cash Flow'!E47 -> 4151496 | F35: ='Cash Flow'!F39+'Cash Flow'!F47 -> 3412169.3 | G35: =C35-F35-D35 -> 739326.67 | H35: =IFERROR((D35+F35)/C35,0) -> 0.82191319
B36: Utilities | C36: =+'Cash Flow'!E60 -> 0 | F36: =+'Cash Flow'!F60 -> 0 | G36: =C36-F36-D36 -> 0 | H36: =IFERROR((D36+F36)/C36,0) -> 0
B37: Facility-Rent | C37: ='Cash Flow'!E66 -> 870276 | D37: 96689.67 | F37: ='Cash Flow'!F66 -> 821862.11 | G37: =C37-F37-D37 -> -48275.78 | H37: =IFERROR((D37+F37)/C37,0) -> 1.0554718
B38: Transportation | C38: ='Cash Flow'!E68 -> 414000 | F38: ='Cash Flow'!F68 -> 248594.65 | G38: =C38-F38-D38 -> 165405.35 | H38: =IFERROR((D38+F38)/C38,0) -> 0.60047017
B39: Contractor--Food Service | C39: ='Cash Flow'!E62 -> 0 | F39: 0 | G39: =C39-F39-D39 -> 0 | H39: =IFERROR((D39+F39)/C39,0) -> 0
B40: Professional Services | C40: ='Cash Flow'!E51 -> 195000 | F40: =+'Cash Flow'!F51 -> 169861.42 | G40: =C40-F40-D40 -> 25138.58 | H40: =IFERROR((D40+F40)/C40,0) -> 0.87108421
B41: Education Services | C41: ='Cash Flow'!E53+'Cash Flow'!E56+'Cash Flow'!E54+'Cash Flow'!E57 -> 470010 | D41: =7867.5+15120 -> 22987.5 | F41: ='Cash Flow'!F53+'Cash Flow'!F56+'Cash Flow'!F54+'Cash Flow'!F57 -> 322507.09 | G41: =C41-F41-D41 -> 124515.41 | H41: =IFERROR((D41+F41)/C41,0) -> 0.73507923
B42: Textbooks and Instructional Supplies | C42: ='Cash Flow'!E86+'Cash Flow'!E87+'Cash Flow'!E90 -> 286913 | D42: =24000+11656.1+2700+6000 -> 44356.1 | F42: ='Cash Flow'!F86+'Cash Flow'!F87+'Cash Flow'!F90 -> 165706.35 | G42: =C42-F42-D42 -> 76850.55 | H42: =IFERROR((D42+F42)/C42,0) -> 0.73214685
B43: Building Maintenance and Custodial Services | C43: ='Cash Flow'!E64 -> 12500 | F43: ='Cash Flow'!F62+'Cash Flow'!F64 -> 72.95 | G43: =C43-F43-D43 -> 12427.05 | H43: =IFERROR((D43+F43)/C43,0) -> 0.005836
B44: Other Expenses | C44: ='Cash Flow'!E104-SUM('Web Report'!C35:C43)-'Web Report'!C45 -> 803045 | D44: =237099.17-164033.27 -> 73065.9 | F44: ='Cash Flow'!F104-SUM('Web Report'!F35:F43) -> 439355.01 | G44: =C44-F44-D44 -> 290624.09 | H44: =IFERROR((D44+F44)/C44,0) -> 0.63809738
B45: Contingency | C45: ='Cash Flow'!E102 -> 121414.42 | F45: =+'Cash Flow'!F102 -> 0 | G45: =C45-F45-D45 -> 121414.42 | H45: =IFERROR((D45+F45)/C45,0) -> 0
B47: Total Operating Budget | C47: =SUM(C35:C46) -> 7324654.4 | D47: =SUM(D35:D46) -> 237099.17 | F47: =SUM(F35:F46) -> 5580128.9 | G47: =SUM(G35:G46) -> 1507426.3 | H47: =IFERROR((D47+F47)/C47,0) -> 0.7941983
B50: Surplus | F50: =+D27-F47 -> 2723396.6
B51: Surplus After Encumbrances | F51: =F50-D47 -> 2486297.4

Sheet GO Format
A1: Great Oaks - Wilmington 2020 Budget vs Actuals
B2: Final Budget 2019 | C2: Received/Spent To Date | D2: % | E2: Remaining
C3: ='Cash Flow'!L7 -> 44287
A4: Enrollment | B4: ='Cash Flow'!D10 -> 318 | C4: =B4 -> 318
A6: REVENUES
A7: Per Pupil Revenues | B7: =SUM('Cash Flow'!D13:D15)+'Cash Flow'!D20 -> 5246742 | C7: =SUM('Cash Flow'!F13:F15)+'Cash Flow'!F20 -> 5305636.8 | D7: =C7/B7 -> 1.011225 | E7: =B7-C7 -> -58894.83
A8: State Funding | B8: ='Cash Flow'!D18+'Cash Flow'!D23 -> 170117 | C8: ='Cash Flow'!F18+'Cash Flow'!F23+'Cash Flow'!F16 -> 170117 | D8: =C8/B8 -> 1 | E8: =B8-C8 -> 0
A9: Federal Funding | B9: ='Cash Flow'!D22+'Cash Flow'!D21 -> 1034697 | C9: ='Cash Flow'!F22+'Cash Flow'!F21 -> 1012032.8 | D9: =C9/B9 -> 0.97809584 | E9: =B9-C9 -> 22664.17
E10: =B10-C10 -> 0
A11: Grants/Contributions | B11: ='Cash Flow'!D24 -> 150000 | C11: ='Cash Flow'!F24 -> 131550 | D11: =C11/B11 -> 0.877 | E11: =B11-C11 -> 18450
A13: Other Revenue | B13: ='Cash Flow'!D25 -> 10931 | C13: ='Cash Flow'!F25 -> 0 | D13: =C13/B13 -> 0 | E13: =B13-C13 -> 10931
A15: TOTAL REVENUES | B15: =SUM(B7:B14) -> 6612487 | C15: =SUM(C7:C14) -> 6619336.7 | D15: =C15/B15 -> 1.0010359 | E15: =B15-C15 -> -6849.66
A17: EXPENSES
A18: Personnel
A19: Employee Salaries | B19: ='Cash Flow'!D39 -> 2655907 | C19: ='Cash Flow'!F39 -> 2312184.8 | D19: =C19/B19 -> 0.87058199 | E19: =B19-C19 -> 343722.21
A20: Payroll Taxes | B20: =SUM('Cash Flow'!D43:D46) -> 247264.94 | C20: =SUM('Cash Flow'!F43:F46) -> 210864.39 | D20: =C20/B20 -> 0.85278725 | E20: =B20-C20 -> 36400.552
A21: Health/Dental | B21: ='Cash Flow'!D42 -> 422380 | C21: ='Cash Flow'!F42 -> 364670.41 | D21: =C21/B21 -> 0.86337045 | E21: =B21-C21 -> 57709.59
A22: Retirement | B22: ='Cash Flow'!D41 -> 609530.66 | C22: ='Cash Flow'!F41 -> 524449.74 | D22: =C22/B22 -> 0.86041569 | E22: =B22-C22 -> 85080.916
A23: Subtotal Personnel | B23: =SUM(B19:B22) -> 3935082.6 | C23: =SUM(C19:C22) -> 3412169.3 | D23: =C23/B23 -> 0.86711505 | E23: =B23-C23 -> 522913.27
A25: Non-Personnel
A26: Professional/Contracted | B26: =SUM('Cash Flow'!D51:D57)+'Cash Flow'!D61 -> 752010 | C26: =SUM('Cash Flow'!F51:F57)+'Cash Flow'!F61 -> 535957.01 | D26: =C26/B26 -> 0.71269931 | E26: =B26-C26 -> 216052.99
A27: School Operations | B27: ='Cash Flow'!D58+SUM('Cash Flow'!D67:D77)+SUM('Cash Flow'!D80:D93)+'Cash Flow'!D49+'Cash Flow'!D62+'Cash Flow'!D60 -> 1238823 | C27: ='Cash Flow'!F58+SUM('Cash Flow'!F67:F77)+SUM('Cash Flow'!F80:F93)+'Cash Flow'!F49+'Cash Flow'!F62+'Cash Flow'!F60 -> 680120.29 | D27: =C27/B27 -> 0.54900522 | E27: =B27-C27 -> 558702.71
A28: Facilities Oper/Maint | B28: ='Cash Flow'!D59+'Cash Flow'!D64+'Cash Flow'!D65+'Cash Flow'!D66 -> 954331.04 | C28: ='Cash Flow'!F59+'Cash Flow'!F64+'Cash Flow'!F65+'Cash Flow'!F66 -> 879126.72 | D28: =C28/B28 -> 0.92119682 | E28: =B28-C28 -> 75204.32
A29: Tutor Expenses | B29: ='Cash Flow'!D63 -> 80967 | C29: ='Cash Flow'!F63 -> 72755.56 | D29: =C29/B29 -> 0.89858288 | E29: =B29-C29 -> 8211.44
A30: Subtotal Non-Personnel | B30: =SUM(B26:B29) -> 3026131 | C30: =SUM(C26:C29) -> 2167959.6 | D30: =C30/B30 -> 0.71641299 | E30: =B30-C30 -> 858171.46
A31: TOTAL EXPENSES | B31: =B30+B23 -> 6961213.6 | C31: =C30+C23 -> 5580128.9 | D31: =C31/B31 -> 0.80160288 | E31: =B31-C31 -> 1381084.7
A33: Add: Depreciation/Amortization | B33: 82322 | C33: =B33/12*12 -> 82322 | D33: =C33/B33 -> 1
A34: Less: Capital Purchases | B34: =-'Cash Flow'!D100 -> 0 | C34: =-'Cash Flow'!F100 -> 0 | D34: =C34/B34 -> #DIV/0!
A36: NET SURPLUS (DEFICIT) - CASH BASIS | B36: =B15-B31+B33+B34 -> -266404.64 | C36: =C15-C31+C33+C34 -> 1121529.8
A38: ENDING CASH SURPLUS (DEFICIT) | B38: =B36+1103967 -> 837562.36 | C38: =C36+1103967 -> 2225496.8
A40: NET SURPLUS (DEFICIT) - ACCRUAL BASIS | B40: =B15-B31 -> -348726.64 | C40: =C15-C31 -> 1039207.8
A42: CASH COST PER PUPIL | B42: =(B31-B33-B34)/B4 -> 21631.735 | C42: =(C31-C33-C34)/C4 -> 17288.701
A44: PHILANTHROPHY PER PUPIL | B44: =B11/B4 -> 471.69811 | C44: =C11/C4 -> 413.67925
A47: NOT UPDATED FOR 2021
